 Dungeon Crawl Stone Soup version 0.31-a0-1202-ga8fea8b373 (webtiles) character file.

Game seed: 6266388152974597613

2619438 EnegeticOcto the Bludgeoner (level 27, 183/183 HPs)
             Began as a Gargoyle Chaos Knight on Dec 12, 2023.
             Was a Favourite Plaything of Xom.
             Escaped with the Orb
             ... and 4 runes!
             The game lasted 01:44:38 (59195 turns).

EnegeticOcto the Bludgeoner (GrCK)                 Turns: 59195, Time: 01:44:38

Health: 183/183    AC: 60    Str: 28    XL:     27
Magic:  24/24      EV: 24    Int: 20    God:    Xom [*.....]
Gold:   6740       SH: 35    Dex: 16    Spells: 31/36 levels left

rFire   + + +        w - +9 morningstar (chaos)
rCold   + + +        A - +2 tower shield of Grace {rPois rF+}
rNeg    + . .        T - quicksilver dragon scales
rPois   ∞            n - +1 helmet "Tammomp" {rPois rC+ Str+3}
rElec   +            P - +2 cloak {rPois}
rCorr   +            g - +1 pair of gloves of Limitation {rF+ Int+3}
SInv    .            (boots unavailable)
Will    +++..        y - amulet of Xej Gufoudgh {Reflect ^Fragile Regen+ Int+3 Dex+3 SH+5}
Stlth   +            z - ring of Wufruar {rF+++ rCorr AC+4 Slay+2}
HPRegen 1.30/turn    h - ring of the Octopus King {rC+ HP+2 AC+2 EV+2 SH+2}
MPRegen 0.19/turn

%: reflection, clarity
@: flying, studying Earth Magic
A: sickness immunity, AC +20, big wings, negative energy resistance 1,
electricity resistance, torment resistance 1, petrification resistance, hooves
3, iridescent scales 3, large bone plates 1, clarity, cold resistance 1, low MP
2, teleportitis 1, wild magic 1, inability to read after injury 1
0: Orb of Zot
}: 4/15 runes: serpentine, barnacled, silver, abyssal
a: Renounce Religion


You escaped.
You worshipped Xom.
You were a special plaything of Xom.
You visited 10 branches of the dungeon, and saw 50 of its levels.
You visited the Abyss 2 times.
You visited 2 bazaars.
You also visited: Trove, Sewer, Ossuary and Gauntlet.

You collected 12919 gold pieces.
You spent 6179 gold pieces at shops.

Inventory:

Hand Weapons
 w - a +9 morningstar of chaos (weapon)
   (You took it off a wight on level 8 of the Dungeon)
 D - a +9 sacred scourge of holy wrath
   (You took it off an angel on level 3 of the Depths)
 N - a +9 demon whip of flaming
   (You took it off a hell knight on level 2 of the Depths)
Missiles
 f - 7 javelins
 o - 15 curare-tipped darts
 U - 12 silver javelins
 V - 57 boomerangs (quivered)
Armour
 g - the +1 pair of gloves of Limitation (worn) {rF+ Int+3}
   (You found it on level 1 of the Snake Pit)

   Int+3:     It affects your intelligence (+3).
   rF+:       It protects you from fire.
 n - the +1 helmet "Tammomp" (worn) {rPois rC+ Str+3}
   (You found it on level 5 of the Vaults)

   Str+3:     It affects your strength (+3).
   rC+:       It protects you from cold.
   rPois:     It protects you from poison
 A - the +2 tower shield of Grace (worn) {rPois rF+}
   (You took it off a daeva on level 3 of the Depths)

   rF+:       It protects you from fire.
   rPois:     It protects you from poison
 P - a +2 cloak of poison resistance (worn)
   (You found it on level 4 of the Snake Pit)
 T - quicksilver dragon scales (worn)
   (You found it on level 4 of the Snake Pit)
 Z - a +10 plate armour of fire resistance
   (You bought it in a shop on level 2 of the Orcish Mines)
Jewellery
 h - a ring of the Octopus King (right hand) {rC+ HP+2 AC+2 EV+2 SH+2}
   (You acquired it on level 3 of the Vaults)

   [ring of protection from cold]

   AC+2:      It affects your AC (+2).
   EV+2:      It affects your evasion (+2).
   rC+:       It protects you from cold.
   HP+2:      It affects your health (+2).
   SH+2:      It affects your SH (+2).
 y - the amulet of Xej Gufoudgh (around neck) {Reflect ^Fragile Regen+ Int+3 Dex+3 SH+5}
   (Xom gifted it to you on level 3 of the Lair of Beasts)

   [amulet of reflection]

   Reflect:   It reflects blocked missile attacks.
   Int+3:     It affects your intelligence (+3).
   Dex+3:     It affects your dexterity (+3).
   Regen+:    It increases your rate of health regeneration.
   ^Fragile:  It will be destroyed if unequipped.
   SH+5:      It affects your SH (+5).
 z - the ring of Wufruar (left hand) {rF+++ rCorr AC+4 Slay+2}
   (You found it in a treasure trove)

   [ring of protection]

   AC+4:      It affects your AC (+4).
   Slay+2:    It affects your accuracy & damage with ranged weapons and melee
   (+2).
   rF+++:     It renders you almost immune to fire.
   rCorr:     It protects you from acid and corrosion.
 H - a ring of willpower
   (You found it on level 4 of the Dungeon)
Wands
 B - a wand of polymorph (33)
   (You found it on level 2 of the Snake Pit)
 G - a wand of digging (24) {@v3}
   (You found it on level 5 of the Dungeon)
 J - a wand of paralysis (51)
   (You found it on level 5 of the Dungeon)
 O - a wand of roots (44) {@v2}
   (You found it on level 2 of the Lair of Beasts)
 S - a wand of quicksilver (15) {@v1}
   (You found it on level 2 of the Depths)
 X - a wand of mindburst (32)
   (You found it in a Gauntlet)
Scrolls
 a - 10 scrolls of vulnerability
 d - 7 scrolls of fog {!r}
 e - 5 scrolls of butterflies
 l - 5 scrolls of silence {!r}
 r - 10 scrolls of poison
 t - 24 scrolls of teleportation {@r3 !r}
 C - 3 scrolls of torment
 E - 3 scrolls of blinking {@r4}
 F - 4 scrolls of immolation
 M - 2 scrolls of fear {!r}
 Y - 2 scrolls of revelation {@r5 !r}
Potions
 b - 12 potions of enlightenment
 c - 6 potions of resistance
 i - a potion of berserk rage
 k - 11 potions of might {@q3 !q}
 p - 4 potions of attraction
 q - 12 potions of curing {@q1 !q}
 s - 10 potions of mutation
 u - 5 potions of cancellation
 v - 2 potions of invisibility
 x - 5 potions of haste {@q4 !q}
 K - 4 potions of heal wounds {@q2 !q}
 L - 2 potions of ambrosia
 Q - 8 potions of lignification {@q6}
Miscellaneous
 j - a condenser vane
   (You found it on level 13 of the Dungeon)
 m - a phantom mirror
   (You bought it in a shop on level 3 of the Shoals)
 I - a sack of spiders
   (You found it on level 2 of the Snake Pit)
 R - a phial of floods
   (You bought it in a shop on level 1 of the Shoals)
 W - a lightning rod (4/4)
   (You found it in a Gauntlet)


   Skills:
 - Level 20.9 Fighting
 - Level 20.9 Maces & Flails
 - Level 16.0 Throwing
 - Level 20.9 Armour
 + Level 20.2 Dodging
 - Level 20.9 Shields
 - Level 5.3 Spellcasting
 - Level 10.0 Translocations
 - Level 12.0 Evocations


You had 31 spell levels left.
You knew the following spells:

 Your Spells              Type           Power      Damage    Failure   Level
a - Lesser Beckoning      Tloc           100%       N/A       1%          2
b - Apportation           Tloc           100%       N/A       1%          1
Y - Blink                 Tloc           100%       N/A       1%          2

Your spell library contained the following spells:

 Spells                   Type           Power      Damage    Failure   Level
 Gell's Gravitas          Tloc           56%        N/A       2%          3
 Teleport Other           Tloc           56%        N/A       2%          3
 Manifold Assault         Tloc           56%        N/A       5%          4
 Passage of Golubria      Tloc           56%        N/A       5%          4
 Momentum Strike          Conj/Tloc      64%        3d9       7%          2
 Volatile Blastmotes      Fire/Tloc      64%        2d15      12%         3
 Freeze                   Ice            24%        1d4       28%         1
 Kiss of Death            Conj/Necr      24%        2d7       28%         1
 Necrotise                Necr           24%        1d5       28%         1
 Sting                    Tmut/Pois      24%        1d4       28%         1
 Summon Small Mammal      Summ           24%        N/A       28%         1
 Dimensional Bullseye     Hex/Tloc       16%        N/A       34%         4
 Iskenderun's Mystic Bla  Conj/Tloc      32%        2d8       34%         4
 Vhi's Electric Charge    Tloc/Air       64%        N/A       34%         4
 Ensorcelled Hibernation  Hex/Ice        12%        N/A       38%         2
 Jinxbite                 Hex            12%        N/A       38%         2
 Passwall                 Tmut/Erth      5%         N/A       38%         2
 Scorch                   Fire           12%        2d5       38%         2
 Wereblood                Tmut           6%         N/A       38%         2
 Dispersal                Tloc           28%        N/A       54%         6
 Call Canine Familiar     Summ           6%         N/A       61%         3
 Confusing Touch          Hex            6%         N/A       61%         3
 Dazzling Flash           Conj/Hex       12%        N/A       61%         3
 Frozen Ramparts          Ice            12%        1d2       61%         3
 Hailstorm                Conj/Ice       6%         3d5       61%         3
 Ignite Poison            Fire/Tmut/Pois 6%         N/A       61%         3
 Inner Flame              Hex/Fire       6%         N/A       61%         3
 Ozocubu's Armour         Ice            6%         N/A       61%         3
 Sigil of Binding         Hex            6%         N/A       61%         3
 Stone Arrow              Conj/Erth      12%        3d7       61%         3
 Summon Guardian Golem    Hex/Summ       6%         N/A       61%         3
 Swiftness                Air            6%         N/A       61%         3
 Tukima's Dance           Hex            6%         N/A       61%         3
 Vampiric Draining        Necr           6%         2d6       61%         3
 Summon Forest            Summ/Tloc      16%        N/A       67%         5
 Anguish                  Hex/Necr       3%         N/A       94%         4
 Animate Armour           Summ/Erth      12%        N/A       94%         4
 Animate Dead             Necr           6%         N/A       94%         4
 Brom's Barrelling Bould  Conj/Erth      6%         2d3       94%         4
 Cause Fear               Hex            3%         N/A       94%         4
 Dispel Undead            Necr           6%         3d8       94%         4
 Flame Wave               Conj/Fire      6%         2d5       94%         4
 Fulminant Prism          Conj/Hex       3%         3d5       94%         4
 Leda's Liquefaction      Hex/Erth       3%         N/A       94%         4
 Petrify                  Tmut/Erth      6%         N/A       94%         4
 Summon Ice Beast         Ice/Summ       6%         N/A       94%         4
 Agony                    Necr           6%         N/A       100%        5
 Alistair's Intoxication  Tmut/Pois      4%         N/A       100%        5
 Arcjolt                  Conj/Air       3%         1d13      100%        5
 Borgnjor's Vile Clutch   Necr/Erth      3%         N/A       100%        5
 Fireball                 Conj/Fire      3%         3d4       100%        5
 Freezing Cloud           Conj/Ice/Air   3%         6-21      100%        5
 Irradiate                Conj/Tmut      3%         3d12      100%        5
 Iskenderun's Battlesphe  Conj           6%         2d6       100%        5
 Metabolic Englaciation   Hex/Ice        3%         N/A       100%        5
 Silence                  Hex/Air        3%         N/A       100%        5
 Summon Mana Viper        Hex/Summ       6%         N/A       100%        5
 Yara's Violent Unravell  Hex/Tmut       3%         3d4       100%        5
 Conjure Ball Lightning   Conj/Air       3%         3x3d6     100%        6
 Eringya's Noxious Bog    Tmut/Pois      3%         4d6       100%        6
 Simulacrum               Ice/Necr       3%         N/A       100%        6
 Starburst                Conj/Fire      3%         6d3       100%        6
 Summon Cactus Giant      Summ           3%         N/A       100%        6
 Enfeeble                 Hex            3%         N/A       100%        7
 Haunt                    Necr/Summ      3%         N/A       100%        7
 Orb of Destruction       Conj           3%         9d5       100%        7
 Ozocubu's Refrigeration  Ice            3%         4d8       100%        7
 Summon Hydra             Summ           3%         N/A       100%        7
 Borgnjor's Revivificati  Necr           3%         N/A       100%        8
 Discord                  Hex            3%         N/A       100%        8
 Disjunction              Tloc           28%        N/A       100%        8
 Ignition                 Fire           3%         3d4       100%        8
 Infestation              Necr           3%         N/A       100%        8
 Lehudib's Crystal Spear  Conj/Erth      3%         10d2      100%        8
 Maxwell's Capacitive Co  Air            3%         ∞         100%        8
 Chain Lightning          Conj/Air       3%         3d4       100%        9
 Fire Storm               Conj/Fire      3%         8d1       100%        9
 Polar Vortex             Ice            3%         N/A       100%        9
 Shatter                  Erth           3%         3d7*      100%        9
 Cigotuvi's Dreadful Rot  Necr/Pois/Air  Unusable   N/A       N/A         2

Dungeon Overview and Level Annotations

Branches:
Dungeon (15/15)            Temple (0/1) D:6            Lair (5/5) D:8
 Shoals (4/4) Lair:3        Snake (4/4) Lair:3        Slime (0/5) Lair:4
    Orc (2/2) D:11            Elf (3/3) Orc:2        Vaults (5/5) D:14
  Crypt (3/3) Vaults:3       Tomb (0/3) Crypt:3      Depths (4/4) D:15
    Zot (5/5) Depths:4      Sewer (visited)         Ossuary (visited)
Gauntlet (visited)

Altars:
Fedhas
Kikubaaqudgha
Makhleb
Okawaru
Qazlal
Ru
Trog
Uskayaw
Vehumet
Xom
Zin

Shops:
D:14 (   Orc:2 *[*:   Elf:2 =   Shoals:1 [*(*(   Shoals:3 *=   Snake:2 ::
Snake:4 :   Vaults:1 *   Depths:1 !(?   Depths:4 =::

Portals:
Hell: Depths:1 Depths:2 Depths:3 Depths:4
Abyss: Snake:2 Depths:3
Pandemonium: Depths:1 Depths:2
Ziggurat: Depths:2

Annotations:
D:14 exclusion: ice statue
Elf:1 1 runed translucent door, Prykner's ghost, adept MfGl
Depths:1 3 runed translucent doors, Dikisett's ghost, veteran GrCj
Zot:5 1 runed translucent door, 4 transporters, farilari's ghost, legendary TeHu


Innate Abilities, Weirdness & Mutations

You are immune to sickness and miasma.
Your stone body is resilient. (AC +20)
You are immune to poison.
Your large and strong wings let you fly.
You resist negative energy. (rN+)
You are resistant to electric shocks. (rElec)
You are resistant to unholy torment.
You are immune to petrification.
You have hooves in place of feet.
You are completely covered in iridescent scales. (AC +6)
You are partially covered in large bone plates. (SH +4)
You possess an exceptional clarity of mind.
Your flesh is cold resistant. (rC+)
Your magical capacity is very low. (-20% MP)
You are occasionally teleported next to monsters.
Your spells are a little harder to cast, but a little more powerful.
You occasionally lose the ability to read scrolls when taking damage.


Message History

(H) Hell (Z) Zot
Where to? (Tab/Enter - D:1 @ (x,y), ? - help)
A profane servitor comes into view. It is wielding a +2 whip of draining.
Unknown command.
Throw: 57 boomerangs
Press: ? - help, Q - select action, (/) - cycle Shift-Dir - straight line, f - profane servitor
Aim: a profane servitor, wielding a +2 whip of draining (umbra, 46% to hit)
You throw a boomerang.
The boomerang barely misses the profane servitor.
You block the profane servitor's attack. x2
You sock the profane servitor! You burn the profane servitor.
You kick the profane servitor.
The profane servitor is lightly damaged.
The profane servitor misses you.
You block the profane servitor's attack.
You sock the profane servitor! You burn the profane servitor.
Your kick misses the profane servitor.
The profane servitor is lightly damaged.
You block the profane servitor's attack. x2
You barely miss the profane servitor. Your kick misses the profane servitor.
The profane servitor is lightly damaged.
You block the profane servitor's attack. x4
You puncture the profane servitor! You burn the profane servitor.
Your kick misses the profane servitor.
The profane servitor is moderately damaged.
You block the profane servitor's attack. x2
You thump the profane servitor! You burn the profane servitor.
You kick the profane servitor!
The profane servitor is heavily damaged.
You block the profane servitor's attack. x2
You barely miss the profane servitor. You kick the profane servitor!
The profane servitor is heavily damaged.
You block the profane servitor's attack. x2
You closely miss the profane servitor. You kick the profane servitor.
The profane servitor is heavily damaged.
You block the profane servitor's attack. x2
You impale the profane servitor!! You burn the profane servitor!
You kick the profane servitor!
The profane servitor is almost destroyed.
You block the profane servitor's attack.
The profane servitor misses you.
You completely miss the profane servitor.
You kick the profane servitor!
The profane servitor is almost destroyed.
You block the profane servitor's attack. x4
You sock the profane servitor! You burn the profane servitor.
Your kick misses the profane servitor.
The profane servitor is almost destroyed.
You block the profane servitor's attack.
The profane servitor hits you but does no damage.
You sock the profane servitor! You burn the profane servitor.
You destroy the profane servitor!
No target in view!
No target in view!
No target in view!
(D) Dungeon (T) Temple (L) Lair (A) Shoals (P) Snake Pit (M) Slime Pits (O) Orcish Mines (E) Elven Halls (V) Vaults (C) Crypt (W) Tomb (U) Depths (H) Hell (Z) Zot
Where to? (Tab/Enter - D:1 @ (x,y), ? - help)
Things that are here:
a +0 flail; a +0 whip; a +0 club
There is a stone staircase leading up here.
You fly upwards.
There is a stone staircase leading down here.
There is a stone staircase leading up here.
You fly upwards.
There is a stone staircase leading down here.
A smoke demon comes into view.
The smoke demon roars!
The smoke demon moves out of view.
Vam Zyis comes into view.
Unknown command.
Unknown command.
Press: ? - help, v - describe, . - travel
Here: Vam Zyis The floor.
A hellwing comes into view.
The hellwing gives a chilling moan.
The smoke demon gestures at you.
The ball of steam hits you but does no damage.
Vam Zyis gestures at you. The bolt of energy misses you.
Vam Zyis blinks!
Things that are here:
2 stones; a +0 dagger of venom Blink to where?
Press: ? - help, Dir - move target
As you read the scroll of blinking {@r4}, it crumbles to dust.
You fly upwards.
There is a stone staircase leading down here.
(D) Dungeon (T) Temple (L) Lair (A) Shoals (P) Snake Pit (M) Slime Pits (O) Orcish Mines (E) Elven Halls (V) Vaults (C) Crypt (W) Tomb (U) Depths (H) Hell (Z) Zot
Where to? (Tab/Enter - D:1 @ (x,y), ? - help)
You see here a +0 club.
There is a staircase leading out of the dungeon here.
Unknown command.
You have escaped!

..# #.# ###############.#.# # ..#
#.# #...............#.# #
..#####.###.###############.# #
..#.......#.# #####.#####
..#.###.#.#.# #.......... ..#.#
#.#.#.#####################
..#.###.#.#......................
..#.....#.#######################
#########.#####.@.#####..........
..........##...8.8...##.#########
..##########.........##.# .>#
###.........##.# #.#
#.............(#
#.###########..#..#####.#
#.....................#.#
#.##################.##.####
)..........................#


There were no monsters in sight!

Vanquished Creatures
  2 orbs of fire (Zot:3)
  Mara (Shoals:4)
  Mennas (Crypt:2)
  Frederick (Crypt:2)
  2 ancient liches
  A juggernaut (Vaults:5)
  Bai Suzhen (Shoals:4)
  Margery (Crypt:2)
  4 curse toes
  Saint Roka (Depths:1)
  9 golden dragons
  A profane servitor (D:4)
  Jory (Crypt:3)
  A bone dragon (Crypt:3)
  A Tzitzimitl (Depths:4)
  3 electric golems
  2 hellephants
  11 tentacled monstrosities
  A Hell Sentinel (Depths:1)
  2 Ice Fiends
  6 liches
  A walking earthen tome (Depths:2)
  The ghost of jotaen the Slayer, an adept MiFi of Okawaru (Snake:4)
  12 Orb Guardians
  2 deep elf blademasters (Elf:3)
  5 titans
  8 quicksilver dragons
  12 sphinxes
  A kraken (Shoals:4)
  8 death cobs
  3 Executioners
  6 tentacled starspawn
  Polyphemus (Shoals:4)
  3 ancient champions
  5 tengu reavers
  6 storm dragons
  Aizul (Snake:1)
  Agnes (D:14)
  A fenstrider witch (Depths:2)
  5 daevas
  14 draconian monks
  4 nagarajas
  4 shadow dragons
  A revenant (Crypt:2)
  2 draconian knights
  8 fire giants
  3 draconian scorchers (Zot:4)
  An iron dragon (Vaults:5)
  12 frost giants
  A balrug (Zot:4)
  4 ghost moths
  9 deep elf sorcerers
  3 draconian shifters
  15 vault wardens
  The ghost of Omecili the Scholar of Death, a journeyman DsNe of Kikubaaqudgha (Snake:2)
  3 spectral caustic shrikes (Depths:1)
  A deep elf elementalist (Elf:3)
  An orc warlord (Vaults:3)
  4 angels (Depths:3)
  Louise (Snake:4)
  4 draconian stormcallers
  2 reapers (Depths:4)
  2 ghouls (Crypt:1)
  44 very ugly things
  A spriggan defender (Depths:2)
  6 war gargoyles
  15 ironbound preservers
  A demonspawn blood saint (Zot:4)
  A cacodemon (Depths:1)
  5 draconian annihilators
  14 stone giants
  9 black draconians
  4 ironbound thunderhulks
  2 formless jellyfish
  Nessos (D:15)
  7 vampire knights
  9 deep elf demonologists
  9 green draconians
  13 deep elf annihilators
  10 white draconians
  7 red draconians
  4 yellow draconians
  7 purple draconians
  A minotaur (Gauntlet)
  3 dire elephants
  9 spark wasps
  4 eidola
  2 blizzard demons (Abyss:5)
  3 crystal guardians (Crypt:3)
  10 deep elf death magi
  16 ettins
  A green death (Depths:4)
  5 entropy weavers
  7 deep elf high priests
  A spriggan zombie (Crypt:3)
  A merfolk javelineer (Shoals:4)
  20 fire dragons
  8 merfolk impalers
  A shambling mangrove (Abyss:4)
  13 yaktaur captains
  A great orb of eyes (shapeshifter) (Depths:3)
  7 great orbs of eyes
  A fenstrider witch zombie (Crypt:3)
  16 ice dragons
  3 rakshasas
  35 vault guards
  9 hydras
  2 hell beasts
  A ghost crab (Abyss:4)
  9 salamander tyrants
  5 merfolk avatars
  3 ogre magi
  An alligator (Depths:1)
  6 boulder beetles
  A two-headed ogre (shapeshifter) (Vaults:5)
  The ghost of temujin the Thaumaturge, a journeyman DECj of Sif Muna (D:12)
  8 ironbound frosthearts
  A radroach (Depths:1)
  13 centaur warriors
  2 death knights (D:13)
  6 catoblepae
  6 anacondas
  42 dancing weapons
  7 death yaks
  8 hell hogs
  14 naga warriors
  8 deep troll shamans
  2 merfolk aquamancers
  3 deep troll earth magi
  3 two-headed ogres
  4 satyrs
  An occultist (Elf:1)
  A spriggan berserker (Depths:1)
  2 demonic crawlers
  2 vampire magi (Crypt:1)
  12 tengu warriors
  17 naga sharpshooters
  3 titan zombies
  28 hell knights
  10 sun demons
  2 thrashing horrors
  8 shock serpents
  7 skysharks
  9 iron trolls
  3 soul eaters
  An iron troll (shapeshifter) (Depths:2)
  A storm dragon zombie (Vaults:4)
  11 deep elf knights
  34 skeletal warriors
  3 sixfirhies
  63 deep trolls
  A spatial maelstrom (Abyss:5)
  6 salamander mystics
  12 sea snakes
  2 death drakes
  4 glowing orange brains
  3 naga ritualists
  A glowing orange brain (shapeshifter) (Vaults:5)
  6 cherubim (Depths:3)
  A shadow demon (Depths:1)
  A storm dragon skeleton (Crypt:2)
  An orb spider (shapeshifter) (Vaults:5)
  A swamp dragon (D:12)
  13 ironbound convokers
  12 deep elf archers
  An iron giant skeleton (Crypt:2)
  11 necromancers
  7 lindwurms
  A steelbarb worm (shapeshifter) (Vaults:4)
  12 harpies
  6 arcanists
  A steelbarb worm (Snake:1)
  2 flayed ghosts
  3 mana vipers
  7 phantasmal warriors
  7 orc knights
  34 deep elf pyromancers
  2 orc sorcerers
  A draconian zombie (Crypt:3)
  2 wolf spiders (Lair:2)
  21 deep elf zephyrmancers
  2 anaconda skeletons (Crypt:1)
  2 will-o-the-wisps (Abyss:4)
  21 salamanders
  2 frost giant zombies
  34 ugly things
  A salamander (shapeshifter) (Crypt:3)
  A stone giant zombie (Vaults:1)
  A shadow dragon skeleton (Crypt:1)
  An alligator skeleton (Crypt:1)
  28 manticores
  8 large abominations
  15 moths of wrath
  10 cyclopes
  4 fauns (Shoals:2)
  A moth of wrath (shapeshifter) (Vaults:5)
  2 apocalypse crabs
  5 kobold blastminers (Orc:2)
  8 merfolk sirens
  An iron dragon skeleton (Crypt:1)
  4 guardian serpents
  A guardian serpent (shapeshifter) (Lair:2)
  3 torpor snails
  16 naga magi
  32 black mambas
  4 gargoyles
  8 elephants
  14 vault sentinels
  An orange demon (D:8)
  A torpor snail (shapeshifter) (Vaults:5)
  6 water nymphs
  A molten gargoyle (Depths:4)
  6 smoke demons
  An eye of devastation (Depths:3)
  2 alligator snapping turtle zombies (Crypt:3)
  A minotaur zombie (Crypt:1)
  18 cane toads
  46 yaktaurs
  2 kobold demonologists (D:12)
  7 komodo dragons
  2 rime drakes
  2 dire elephant skeletons
  An efreet (Zot:4)
  3 freezing wraiths
  An ancient zyme (Abyss:5)
  6 tengu conjurers
  A red devil (Depths:4)
  A queen bee (Lair:5)
  The ghost of jotaen the Poker, an amateur MiFi (D:4)
  2 polar bears
  11 trolls
  A harpy zombie (Crypt:3)
  25 merfolk
  A wolf spider simulacrum (D:15)
  5 tyrant leeches
  A queen bee (shapeshifter) (D:13)
  A tarantella (Vaults:3)
  A hornet (Abyss:4)
  A polar bear (shapeshifter) (Elf:1)
  5 wind drakes
  A meliai zombie (Crypt:1)
  2 raiju
  20 blink frogs
  A blink frog (shapeshifter) (D:13)
  A glass eye (Depths:3)
  7 snapping turtles
  An ettin zombie (Crypt:3)
  29 dream sheep
  28 flying skulls
  A ynoxinul (Abyss:4)
  51 slime creatures
  5 centaur simulacra
  A fire dragon zombie (Crypt:3)
  2 vampires
  6 wraiths
  A shapeshifter (Zot:5)
  2 spriggans (shapeshifter)
  3 wyverns
  An ettin skeleton (Crypt:3)
  47 yaks
  4 air elementals
  16 water elementals
  4 golden eyes (Abyss:5)
  4 fire elementals
  5 basilisks
  Grum (D:8)
  14 vampire mosquitoes
  3 redbacks (Vaults:4)
  A steam dragon (D:9)
  A chaos spawn (Abyss:5)
  A water nymph zombie (Crypt:2)
  3 wargs
  A swamp worm (D:11)
  A naga (shapeshifter) (D:13)
  A harpy simulacrum (Abyss:4)
  39 nagas
  A naga zombie (Crypt:3)
  A neqoxec (Depths:4)
  4 hell hounds (Depths:1)
  2 glowing shapeshifter zombies (Vaults:1)
  12 water moccasins
  A two-headed ogre zombie (D:11)
  A naga skeleton (Crypt:3)
  35 orc warriors
  2 sky beasts
  A swamp drake (D:8)
  A hornet zombie (D:6)
  2 black bears
  4 ogres
  9 wolves
  2 boggarts
  12 starcursed masses
  15 centaurs
  5 phantoms
  6 kobold brigands
  4 elf zombies (Ossuary)
  2 human simulacra (Vaults:4)
  2 scorpions
  A glowing shapeshifter simulacrum (Vaults:1)
  13 bullfrogs
  6 earth elementals
  2 necrophages (Crypt:3)
  2 salamander skeletons (Crypt:1)
  A wyvern zombie (D:6)
  A wyvern skeleton (D:4)
  11 wights
  A water moccasin skeleton (D:4)
  4 troll zombies (D:11)
  16 killer bees
  4 howler monkeys
  5 electric eels
  A crimson imp (D:7)
  2 centaur zombies (D:6)
  3 hounds
  5 jellies (Lair:4)
  19 orc priests
  A centaur skeleton (Crypt:2)
  2 gnoll boudas
  4 iguanas
  2 sleepcaps
  22 orc wizards
  5 lightning spires (Zot:2)
  3 ogre zombies (D:11)
  A deep dwarf skeleton (Crypt:2)
  2 mummies (Ossuary)
  16 adders
  12 gnolls
  6 howler monkey skeletons
  2 ufetubi (D:7)
  An adder zombie (Ossuary)
  2 worms
  A worm (shapeshifter) (D:5)
  5 dart slugs
  69 orcs
  7 ball pythons
  10 endoplasms
  4 giant cockroaches
  A gnoll zombie (D:11)
  7 goblins
  5 hobgoblins
  12 jackals
  4 quokkas
  4 bats
  A frilled lizard zombie (Crypt:2)
  3 gnoll skeletons (D:11)
  3 goblin zombies (Ossuary)
  8 hobgoblin zombies (Ossuary)
  30 kobolds
  8 kobold zombies (Ossuary)
  6 orc skeletons (D:11)
  28 orc zombies
  10 rats
  6 starspawn tentacles (Abyss:5)
  4 tentacles (Shoals:4)
2377 creatures vanquished.

Vanquished Creatures (collateral kills)
  A deep elf blademaster (Elf:2)
  A tengu reaver (Vaults:5)
  A frost giant (Vaults:5)
  2 stone giants
  An ironbound preserver (Vaults:3)
  2 ironbound thunderhulks
  2 red draconians
  A spark wasp (Zot:2)
  A deep elf death mage (Vaults:3)
  A spark wasp (shapeshifter) (Elf:3)
  A fire dragon (Zot:3)
  3 dancing weapons (Elf:2)
  A deep troll earth mage (Depths:4)
  A sun demon (Depths:4)
  A bog body (Crypt:1)
  An ironbound convoker (Vaults:5)
  A deep elf pyromancer (Elf:3)
  3 necromancers (Vaults:5)
  A lindwurm (Lair:5)
  3 deep elf zephyrmancers
  An ugly thing (Depths:2)
  A moth of wrath (Shoals:2)
  A salamander (Snake:2)
  3 vault sentinels
  A cane toad (Lair:4)
  Jeremiah (D:9)
  2 blink frogs (Lair:4)
  2 flying skulls
  A steam dragon (D:9)
  An orc warrior (Vaults:5)
  An ogre (D:4)
  An earth elemental (Elf:2)
  An orc priest (Vaults:5)
  3 gnolls (D:2)
49 creatures vanquished.

Vanquished Creatures (others)
  A storm dragon (Vaults:5)
  A shadow dragon (Vaults:5)
  2 draconian shifters (Zot:2)
  A balrug (D:9)
  A draconian stormcaller (Zot:2)
  A very ugly thing (Depths:4)
  A spark wasp (Zot:2)
  A very ugly thing zombie (Depths:4)
  A fire dragon (Depths:4)
  2 centaur warriors (Vaults:1)
  A vault guard (Vaults:5)
  An ironbound frostheart (Vaults:4)
  A deep troll shaman (Depths:3)
  4 dancing weapons
  A deep troll earth mage (Depths:3)
  3 occultists (Depths:1)
  2 deep elf knights
  A deep troll (Depths:3)
  A glowing orange brain (shapeshifter) (Vaults:5)
  An ugly thing zombie (Depths:4)
  A deep elf pyromancer (Elf:1)
  2 deep elf zephyrmancers
  A salamander (Snake:2)
  2 moths of wrath (Zot:2)
  A rust devil (Depths:4)
  A vault sentinel (Vaults:5)
  An eye of devastation (shapeshifter) (Vaults:5)
  A red draconian zombie (Zot:2)
  A yaktaur (Vaults:3)
  A tyrant leech (Depths:1)
  2 water elementals
  A deep troll zombie (Depths:4)
  A naga (Snake:2)
  A tengu zombie (Depths:2)
  A starcursed mass (Abyss:4)
  3 kobolds
  A kobold zombie (D:10)
  10 foxfires (Abyss:4)
  14 starspawn tentacles (Abyss:5)
  19 tentacles (Shoals:4)
93 creatures vanquished.

Grand Total: 2519 creatures vanquished

Notes
Turn   | Place    | Note
-------+----------+-------------------------------------------
     0 | D:1      | EnegeticOcto the Gargoyle Chaos Knight began the quest for
                  | the Orb.
     0 | D:1      | Reached XP level 1. HP: 14/14 MP: 1/1
    47 | D:1      | XOM: silly message
    55 | D:1      | Found a faded altar of an unknown god.
    96 | D:1      | XOM: give mutations
    96 | D:1      | Gained mutation: You occasionally lose the ability to read
                  | scrolls when taking damage. [Xom's mischief]
    96 | D:1      | Gained mutation: Your spells are a little easier to cast,
                  | but a little less powerful. [Xom's mischief]
    96 | D:1      | Gained mutation: Your mind is acute. (Int +4, Str/Dex -1)
                  | [Xom's mischief]
    96 | D:1      | Gained mutation: Your magical capacity is low. (-10% MP)
                  | [Xom's mischief]
   253 | D:1      | Reached XP level 2. HP: 17/19 MP: 1/1
   282 | D:1      | XOM: 5-stop teleportation journey
   430 | D:1      | XOM: 6-stop teleportation journey
   646 | D:1      | Reached XP level 3. HP: 24/24 MP: 2/2
   942 | D:1      | XOM: noise
  1058 | D:1      | XOM: silly message
  1150 | D:1      | XOM: give mutation
  1150 | D:1      | Gained mutation: You are covered in fur. (AC +1) [Xom's
                  | grace]
  1420 | D:2      | Reached skill level 4 in Maces & Flails
  1616 | D:2      | XOM: god gift: 50 gold pieces
  1733 | D:2      | Reached skill level 4 in Fighting
  1733 | D:2      | Reached XP level 4. HP: 25/29 MP: 3/3
  1747 | D:2      | XOM: noise
  1987 | D:2      | XOM: divination: magic mapping
  2028 | D:2      | XOM is BORED!
  2028 | D:2      | XOM: summons 3 hostile demons
  2525 | D:3      | Found a glowing drain.
  2529 | Sewer    | Entered a sewer
  2608 | Sewer    | XOM: god gift: scroll of enchant armour
  2762 | Sewer    | Noticed a kobold brigand
  2774 | Sewer    | Killed a kobold brigand
  2775 | Sewer    | Reached skill level 5 in Maces & Flails
  2775 | Sewer    | Reached XP level 5. HP: 30/34 MP: 4/4
  2839 | D:3      | Found a sacrificial altar of Ru.
  3088 | D:3      | Found an ancient bone altar of Kikubaaqudgha.
  3152 | D:3      | XOM: 5-stop teleportation journey
  3228 | D:3      | Found an iron altar of Okawaru.
  3334 | D:3      | XOM: give mutation
  3334 | D:3      | Gained mutation: You are agile. (Dex +4, Str/Int -1) [Xom's
                  | grace]
  3394 | D:3      | XOM: give mutation
  3394 | D:3      | Lost mutation: Your mind is acute. (Int +4, Str/Dex -1)
                  | [Xom's mischief]
  3541 | D:4      | Reached XP level 6. HP: 40/40 MP: 5/5
  3561 | D:4      | Found a transporter.
  3585 | D:4      | XOM: enchant monster (bad)
  3595 | D:4      | Reached skill level 5 in Fighting
  3595 | D:4      | Noticed a black bear
  3598 | D:4      | XOM: 1-stop teleportation journey
  3635 | D:4      | Found a transporter.
  3660 | D:4      | You fall into a shaft and drop 3 floors!
  3662 | D:7      | Noticed a sky beast
  3662 | D:7      | XOM: silly message
  3686 | D:7      | Killed a sky beast
  3687 | D:7      | Reached skill level 6 in Maces & Flails
  3708 | D:6      | Noticed a sky beast
  3713 | D:6      | XOM: blink monster(s)
  3720 | D:6      | Killed a sky beast
  3721 | D:6      | Reached XP level 7. HP: 40/44 MP: 6/6
  3754 | D:5      | Entered Level 5 of the Dungeon
  3897 | D:4      | XOM: summons 4 friendly demons
  3901 | D:4      | Reached skill level 6 in Fighting
  3901 | D:4      | Reached skill level 7 in Maces & Flails
  4104 | D:4      | XOM: cloud trail
  4204 | D:4      | Noticed jotaen's ghost (amateur MiFi)
  4459 | D:5      | XOM: destruction
  4461 | D:5      | a black bear changed into a glowing shapeshifter
  4461 | D:5      | Noticed a glowing shapeshifter (glowing shapeshifter)
  4461 | D:5      | XOM: polymorph black bear -> glowing shapeshifter
  4461 | D:5      | a glowing shapeshifter changed into a wolf
  4462 | D:5      | a wolf changed into a hornet
  4462 | D:5      | Noticed a hornet (glowing shapeshifter)
  4463 | D:5      | a hornet changed into a naga
  4463 | D:5      | Noticed a naga (glowing shapeshifter)
  4466 | D:5      | a naga changed into a glass eye
  4466 | D:5      | Noticed a glass eye (glowing shapeshifter)
  4472 | D:5      | XOM: fog
  4474 | D:5      | a glass eye changed into a hornet
  4474 | D:5      | Noticed a hornet (glowing shapeshifter)
  4475 | D:5      | a hornet changed into a blink frog
  4475 | D:5      | Noticed a blink frog (glowing shapeshifter)
  4478 | D:5      | a blink frog changed into a worm
  4539 | D:5      | Reached skill level 1 in Spellcasting
  4539 | D:5      | Reached XP level 8. HP: 51/52 MP: 8/8
  4956 | D:6      | XOM: potion effect (haste)
  4964 | D:6      | Reached skill level 8 in Maces & Flails
  5037 | D:6      | Reached skill level 1 in Shields
  5117 | D:6      | XOM: silly message
  5152 | D:6      | XOM: divination: magic mapping
  5172 | D:6      | Reached skill level 2 in Spellcasting
  5238 | D:6      | XOM: smoke on damage
  5275 | D:6      | XOM: silly message
  5289 | D:6      | Reached skill level 2 in Shields
  5423 | D:6      | XOM: scenery: create altars
  5425 | D:6      | Reached skill level 7 in Fighting
  5826 | D:6      | Reached skill level 9 in Maces & Flails
  5880 | D:6      | Found a staircase to the Ecumenical Temple.
  5942 | D:6      | XOM: noise
  5954 | D:6      | Reached skill level 3 in Shields
  5954 | D:6      | Reached XP level 9. HP: 41/57 MP: 4/10
  6014 | D:6      | XOM is BORED!
  6014 | D:6      | XOM: give mutations
  6014 | D:6      | Lost mutation: You occasionally lose the ability to read
                  | scrolls when taking damage. [Xom's mischief]
  6014 | D:6      | Gained mutation: You are dopey. (Int -2) [Xom's mischief]
  6014 | D:6      | Gained mutation: You are strong-willed. (Will+) [Xom's
                  | mischief]
  6014 | D:6      | Gained mutation: You occasionally lose the ability to drink
                  | potions when taking damage. [Xom's mischief]
  6063 | D:6      | XOM: summons 1 hostile demon
  6072 | D:6      | Learned a level 2 spell: Blink
  6458 | D:7      | XOM: enchant monster (good)
  6474 | D:7      | XOM: polymorph shadow imp -> crimson imp
  6476 | D:7      | XOM: enchant monster (good)
  6503 | D:7      | XOM: cast spell 'Olgreb's Toxic Radiance'
  6516 | D:7      | Reached skill level 4 in Shields
  6525 | D:7      | XOM: divination: detect items
  6747 | D:7      | XOM: blink monster(s)
  6750 | D:7      | XOM: give mutations
  6750 | D:7      | Gained mutation: You are very dopey. (Int -4) [Xom's
                  | mischief]
  6750 | D:7      | Lost mutation: Your magical capacity is low. (-10% MP)
                  | [Xom's mischief]
  6750 | D:7      | Lost mutation: Your spells are a little easier to cast, but
                  | a little less powerful. [Xom's mischief]
  6750 | D:7      | Gained mutation: You are partially covered in large bone
                  | plates. (SH +4) [Xom's mischief]
  6763 | D:7      | Reached skill level 8 in Fighting
  6776 | D:7      | Reached skill level 10 in Maces & Flails
  6886 | D:7      | XOM: scenery: create altars
  6901 | D:7      | Reached skill level 5 in Shields
  7019 | D:7      | Reached skill level 1 in Dodging
  7204 | D:7      | Reached XP level 10. HP: 59/65 MP: 11/13
  7259 | D:7      | Found a radiant altar of Vehumet.
  7786 | D:8      | XOM: enchant monster (bad)
  7788 | D:8      | XOM: confusion
  7799 | D:8      | XOM: chaos upgrade
  7808 | D:8      | Reached skill level 1 in Evocations
  7817 | D:8      | XOM: summons 5 hostile demons
  7818 | D:8      | Noticed a sixfirhy
  7871 | D:8      | Found a hide-covered altar of Uskayaw.
  7951 | D:8      | Found a sand-covered staircase.
  7961 | Ossuary  | Entered an ossuary
  8200 | Ossuary  | Reached skill level 3 in Armour
  8489 | D:8      | XOM: chaos upgrade
  8581 | D:8      | XOM: confusion (+ monsters)
  8592 | D:8      | Reached skill level 11 in Maces & Flails
  8597 | D:8      | Noticed Grum
  8613 | D:8      | Reached skill level 2 in Dodging
  8615 | D:8      | Reached skill level 2 in Evocations
  8622 | D:8      | Reached skill level 9 in Fighting
  8626 | D:8      | XOM: give mutation
  8626 | D:8      | Gained mutation: A frigid envelope surrounds you and
                  | freezes all who hurt you. [Xom's mischief]
  8634 | D:8      | Killed Grum
  8706 | D:8      | Found a staircase to the Lair.
  8810 | D:8      | XOM: summons 5 hostile demons
  9017 | D:8      | Reached skill level 6 in Shields
  9146 | D:9      | XOM: 4-stop teleportation journey
  9185 | D:9      | XOM: give mutations
  9185 | D:9      | Lost mutation: You are very dopey. (Int -4) [Xom's
                  | mischief]
  9185 | D:9      | Lost mutation: You occasionally lose the ability to drink
                  | potions when taking damage. [Xom's mischief]
  9321 | D:9      | Reached skill level 4 in Armour
  9358 | D:9      | Noticed Jeremiah
  9358 | D:9      | XOM: noise
  9364 | D:9      | XOM: enchant monster (good)
  9377 | D:9      | Killed Jeremiah
  9519 | D:9      | Identified the +9 dagger "Mizxus" {flame, rC+}
 10202 | D:10     | Entered Level 10 of the Dungeon
 10202 | D:10     | XOM: potion effect (might)
 10258 | D:10     | Identified the +0 war axe "Omown" {flame, SInv}
 10321 | D:10     | Reached skill level 3 in Evocations
 10321 | D:10     | Reached XP level 11. HP: 70/71 MP: 14/14
 10359 | D:10     | Found a blossoming altar of Fedhas.
 10363 | D:10     | Found a burning altar of Makhleb.
 10364 | D:10     | Found a glowing silver altar of Zin.
 10525 | D:10     | Found a portal to a secret trove of treasure.
 10540 | D:10     | Noticed a two-headed ogre
 10540 | D:10     | XOM: divination: magic mapping
 10545 | D:10     | XOM: silly message
 10555 | D:10     | Reached skill level 3 in Dodging
 10559 | D:10     | Killed a two-headed ogre
 10883 | D:10     | Noticed a two-headed ogre
 10890 | D:10     | Killed a two-headed ogre
 11275 | D:8      | XOM: swap monsters
 11280 | D:8      | Reached skill level 5 in Armour
 11308 | Lair:1   | Entered Level 1 of the Lair of Beasts
 11359 | Lair:1   | XOM: torment (59/72 hp)
 11556 | Lair:1   | Found a gate leading to a gauntlet.
 11568 | Gauntlet | Entered a Gauntlet
 11568 | Gauntlet | Found a transporter.
 11568 | Gauntlet | Found a transporter.
 11568 | Gauntlet | Found a transporter.
 11576 | Gauntlet | Noticed a death scarab
 11580 | Gauntlet | Found a transporter.
 11583 | Gauntlet | Found a transporter.
 11590 | Gauntlet | Noticed a fire crab
 11591 | Gauntlet | Found a transporter.
 11594 | Gauntlet | Found a transporter.
 11599 | Gauntlet | Noticed a dire elephant
 11602 | Gauntlet | Found a transporter.
 11622 | Gauntlet | Found a transporter.
 11632 | Gauntlet | Noticed a hell beast
 11642 | Gauntlet | Found a transporter.
 11643 | Gauntlet | Found a transporter.
 11654 | Gauntlet | Found a transporter.
 11703 | Gauntlet | XOM: torment (60/72 hp)
 11813 | Gauntlet | a slime creature changed into a shining eye
 11813 | Gauntlet | Noticed a shining eye
 11813 | Gauntlet | XOM: polymorph very large slime creature -> shining eye
 11821 | Gauntlet | XOM: cleaving
 11828 | Gauntlet | Reached skill level 12 in Maces & Flails
 11846 | Gauntlet | Reached skill level 7 in Shields
 11981 | Gauntlet | XOM: give mutations
 11981 | Gauntlet | Lost mutation: You are covered in fur. (AC +1) [Xom's
                  | mischief]
 11981 | Gauntlet | Lost mutation: You are partially covered in large bone
                  | plates. (SH +4) [Xom's mischief]
 11981 | Gauntlet | Lost mutation: You are strong-willed. (Will+) [Xom's
                  | mischief]
 11981 | Gauntlet | Gained mutation: Your spells are a little easier to cast,
                  | but a little less powerful. [Xom's mischief]
 12021 | Gauntlet | Killed a hell beast
 12028 | Gauntlet | Identified the +2 pair of boots "Neerost" {rN+ Int+2
                  | Stlth-}
 12061 | Gauntlet | XOM: give mutations
 12061 | Gauntlet | Lost mutation: A frigid envelope surrounds you and freezes
                  | all who hurt you. [Xom's mischief]
 12061 | Gauntlet | Gained mutation: You are strong-willed. (Will+) [Xom's
                  | mischief]
 12061 | Gauntlet | Gained mutation: You occasionally lose the ability to read
                  | scrolls when taking damage. [Xom's mischief]
 12066 | Gauntlet | Noticed a minotaur
 12075 | Gauntlet | Killed a minotaur
 12076 | Gauntlet | Reached skill level 10 in Fighting
 12076 | Gauntlet | Reached skill level 4 in Evocations
 12156 | Lair:1   | XOM: enchant monster (good)
 12159 | Lair:1   | XOM: give mutations
 12159 | Lair:1   | Gained mutation: You expend magic power (3 MP) to
                  | strengthen your wands. [Xom's mischief]
 12159 | Lair:1   | Gained mutation: Your natural rate of healing is unusually
                  | fast. [Xom's mischief]
 12159 | Lair:1   | Lost mutation: Your spells are a little easier to cast, but
                  | a little less powerful. [Xom's mischief]
 12188 | Lair:1   | Reached skill level 4 in Dodging
 12219 | Lair:1   | XOM: silly message
 12221 | Lair:1   | XOM: destruction
 12224 | Lair:1   | Reached skill level 3 in Spellcasting
 12346 | Lair:1   | Reached skill level 6 in Armour
 12553 | Lair:1   | Reached XP level 12. HP: 77/77 MP: 13/17
 12563 | Lair:1   | XOM: give mutation
 12563 | Lair:1   | Gained mutation: Armour fits poorly on your strangely
                  | shaped body. [Xom's mischief]
 12736 | Lair:2   | Reached skill level 13 in Maces & Flails
 12738 | Lair:2   | XOM: swap monsters
 12740 | Lair:2   | XOM: polymorph polar bear -> glowing shapeshifter
 12744 | Lair:2   | XOM: confusion
 12751 | Lair:2   | XOM: noise
 12761 | Lair:2   | XOM: confusion
 12762 | Lair:2   | XOM: noise
 12773 | Lair:2   | Reached skill level 4 in Spellcasting
 12820 | Lair:2   | Identified a scroll of acquirement
 12821 | Lair:2   | Acquired the ring "Imaexeho" {rElec AC+4 Str+2 Int+3}
 12830 | Lair:2   | Reached skill level 5 in Evocations
 12888 | Lair:2   | XOM: silly message
 12973 | Lair:2   | XOM: confuse monster(s)
 13141 | Lair:2   | Reached skill level 5 in Dodging
 13198 | Lair:2   | XOM: cast spell 'Leda's Liquefaction'
 13203 | Lair:2   | Reached skill level 7 in Armour
 13408 | Lair:2   | XOM: potion effect (invisibility)
 13417 | Lair:2   | XOM: potion effect (invisibility)
 13677 | Lair:2   | XOM: silly message
 13724 | Lair:3   | XOM: noise
 13755 | Lair:3   | XOM: scenery: create altars
 13863 | Lair:3   | XOM: give mutations
 13863 | Lair:3   | Gained mutation: You are very agile. (Dex +8, Str/Int -2)
                  | [Xom's grace]
 13863 | Lair:3   | Gained mutation: You are partially covered in iridescent
                  | scales. (AC +2) [Xom's grace]
 13863 | Lair:3   | Gained mutation: Your flesh is cold resistant. (rC+) [Xom's
                  | grace]
 13863 | Lair:3   | Gained mutation: You are highly strong-willed. (Will++)
                  | [Xom's grace]
 13871 | Lair:3   | Found a staircase to the Snake Pit.
 13881 | Lair:3   | Noticed a seven-headed hydra
 13891 | Lair:3   | Killed a seven-headed hydra
 13892 | Lair:3   | Reached skill level 5 in Spellcasting
 13941 | Lair:3   | Reached XP level 13. HP: 82/82 MP: 20/20
 13989 | Lair:3   | Reached skill level 14 in Maces & Flails
 13996 | Lair:3   | Reached skill level 6 in Evocations
 14061 | Lair:3   | XOM: polymorph yak -> blink frog
 14103 | Lair:3   | Identified the amulet of Xej Gufoudgh {Reflect ^Fragile
                  | Regen+ Int+3 Dex+3 SH+5} (Xom gifted it to you on level 3
                  | of the Lair of Beasts)
 14103 | Lair:3   | XOM: god gift: amulet of Xej Gufoudgh {Reflect ^Fragile
                  | Regen+ Int+3 Dex+3 SH+5}
 14384 | Lair:3   | Found a staircase to the Shoals.
 14386 | Lair:3   | XOM: enchant monster (good)
 14390 | Lair:3   | XOM: enchant monster (good)
 14391 | Lair:3   | Reached skill level 8 in Armour
 14501 | Lair:3   | XOM: god gift: 2 javelins
 14652 | Lair:4   | Found a staircase to the Slime Pits.
 14691 | Lair:4   | Reached skill level 6 in Dodging
 14908 | Lair:4   | XOM: cast spell 'Cause Fear'
 14914 | Lair:4   | XOM: cast spell 'Call Canine Familiar'
 14922 | Lair:4   | XOM: cast spell 'Cause Fear'
 14940 | Lair:4   | XOM: divination: magic mapping
 14956 | Lair:4   | You fall into a shaft and drop 1 floor!
 14956 | Lair:5   | Entered Level 5 of the Lair of Beasts
 14959 | Lair:5   | XOM: smoke on damage
 14964 | Lair:5   | XOM: confuse monster(s)
 14968 | Lair:5   | XOM: enchant monster (good)
 14974 | Lair:5   | XOM: scenery: create altars
 15019 | Lair:5   | XOM: silly message
 15138 | Lair:4   | XOM: give mutation
 15138 | Lair:4   | Gained mutation: Your spells are a little harder to cast,
                  | but a little more powerful. [Xom's grace]
 15227 | Lair:4   | Reached skill level 8 in Shields
 15232 | Lair:4   | XOM: cast spell 'Monstrous Menagerie'
 15245 | Lair:4   | Reached skill level 15 in Maces & Flails
 15245 | Lair:4   | Reached skill level 7 in Evocations
 15320 | Lair:4   | XOM: 1-stop teleportation journey
 15619 | Lair:5   | XOM: silly message
 15641 | Lair:5   | XOM: confuse monster(s)
 15699 | Lair:5   | XOM: summons 5 friendly demons
 15834 | Lair:5   | Reached skill level 11 in Fighting
 15834 | Lair:5   | Gained mutation: Your large and strong wings let you fly.
                  | [Gargoyle growth]
 15834 | Lair:5   | Reached XP level 14. HP: 90/90 MP: 21/21
 15846 | Lair:5   | XOM: 1-stop teleportation journey
 15951 | Lair:5   | XOM: 3-stop teleportation journey
 16022 | Lair:5   | XOM: enchant monster (good)
 16087 | Lair:5   | XOM: 5-stop teleportation journey
 16153 | Lair:5   | XOM: blink monster(s)
 16198 | Lair:5   | XOM: summons 2 friendly demons
 16209 | Lair:5   | Reached skill level 9 in Shields
 16277 | Lair:5   | XOM: torment (67/90 hp)
 16279 | Lair:5   | XOM: polymorph death yak -> tyrant leech
 16283 | Lair:5   | XOM: summons 7 hostile demons
 16875 | D:4      | Killed jotaen's ghost
 17004 | D:9      | XOM: noise
 17053 | D:11     | XOM: noise
 17068 | D:11     | Reached skill level 8 in Evocations
 17078 | D:11     | Reached skill level 16 in Maces & Flails
 17120 | D:11     | XOM: confuse monster(s)
 17157 | D:11     | Found a staircase to the Orcish Mines.
 17356 | D:11     | Found Himusar's Jewellery Emporium.
 17391 | D:11     | XOM: god gift: 50 gold pieces
 17475 | D:11     | XOM: scenery: create altars
 17927 | D:11     | XOM: cloud trail
 18077 | D:12     | XOM: god gift: pair of boots {god gift}
 18127 | D:12     | XOM: god gift: 2 silver javelins
 18135 | D:12     | Reached skill level 12 in Fighting
 18242 | D:12     | XOM: silly message
 18261 | D:12     | XOM: noise
 18268 | D:12     | Reached skill level 10 in Shields
 18356 | D:12     | Found a runed translucent door.
 18356 | D:12     | Noticed temujin's ghost (journeyman DECj)
 18382 | D:12     | Killed temujin's ghost
 18722 | D:12     | Gained mutation: Your body sometimes deteriorates upon
                  | taking damage. [a neqoxec]
 18724 | D:12     | XOM: cleaving
 18781 | D:12     | XOM: confuse monster(s)
 18784 | D:12     | XOM: cleaving
 18785 | D:12     | XOM: scenery: create altars
 18825 | D:12     | XOM: draining
 18848 | D:12     | XOM: draining
 18962 | Orc:1    | Entered Level 1 of the Orcish Mines
 19156 | Orc:1    | XOM: swap monsters
 19302 | Orc:1    | XOM: noise
 19350 | Orc:2    | Entered Level 2 of the Orcish Mines
 19359 | Orc:2    | XOM: give mutations
 19359 | Orc:2    | Gained mutation: You have an increased reservoir of magic.
                  | (+10% MP) [Xom's grace]
 19359 | Orc:2    | Gained mutation: Your muscles are strong. (Str +4, Int/Dex
                  | -1) [Xom's grace]
 19359 | Orc:2    | Gained mutation: You have sharp toenails. [Xom's grace]
 19359 | Orc:2    | Lost mutation: You have sharp toenails. [Xom's grace]
 19359 | Orc:2    | Gained mutation: You have large cloven feet. [Xom's grace]
 19392 | Orc:2    | XOM: 1-stop teleportation journey
 19419 | Orc:2    | Reached XP level 15. HP: 97/97 MP: 21/25
 19537 | Orc:2    | XOM: swap monsters
 19547 | Orc:2    | XOM: 1-stop teleportation journey
 19585 | Orc:2    | XOM: polymorph kobold blastminer -> killer bee
 19591 | Orc:2    | XOM: divination: detect creatures
 19609 | Orc:2    | XOM: summons 3 friendly demons
 19621 | Orc:2    | Reached skill level 11 in Shields
 19649 | Orc:2    | XOM: confusion (+ monsters)
 19681 | Orc:2    | Reached skill level 13 in Fighting
 19923 | Orc:2    | XOM: polymorph orc warrior -> kobold
 20042 | Orc:2    | Found Withe's Assorted Antiques.
 20042 | Orc:2    | Found Ledumar's Antique Armour Shop.
 20044 | Orc:2    | Found Dasimura's Assorted Antiques.
 20046 | Orc:2    | Found Lodokkoe's Book Emporium.
 20062 | Orc:2    | Bought a wand of paralysis (4) for 278 gold pieces
 20062 | Orc:2    | Bought a scroll of acquirement for 1508 gold pieces
 20062 | Orc:2    | Acquired 926 gold pieces
 20067 | Orc:2    | Bought a shiny plate armour for 728 gold pieces
 20124 | Orc:2    | Found a staircase to the Elven Halls.
 20215 | Orc:2    | Bought a red potion for 25 gold pieces
 20215 | Orc:2    | Bought a small opal ring for 140 gold pieces
 20215 | Orc:2    | Bought a scroll of teleportation for 84 gold pieces
 20255 | Orc:1    | XOM: enchant monster (bad)
 20337 | Orc:1    | XOM: stat loss: -1 Str (28/29)
 20427 | D:13     | XOM: scenery: summon butterflies
 20541 | D:13     | Reached skill level 9 in Armour
 20580 | D:13     | Found the +3 greatsling "Punk" {acid, rCorr}
 20580 | D:13     | XOM: 1-stop teleportation journey
 20593 | D:13     | XOM: polymorph manticore -> ettin
 20602 | D:13     | XOM: chaos upgrade
 20617 | D:13     | XOM: chaos upgrade
 20626 | D:13     | XOM: summons 3 hostile shadow creatures
 20631 | D:13     | XOM: swap monsters
 20875 | D:13     | Reached skill level 7 in Dodging
 20875 | D:13     | Reached skill level 9 in Evocations
 20875 | D:13     | XOM: god gift: 47 gold pieces
 21088 | D:13     | XOM: summons friendly white imp
 21090 | D:13     | Identified the +6 scale mail "Ceroubb" {rF+ rC- Regen+
                  | SInv}
 21099 | D:13     | XOM: swap monsters
 21111 | D:13     | XOM: confusion (+ monsters)
 21772 | D:14     | XOM: fog
 21776 | D:14     | XOM: scenery: 1 doors open
 21778 | D:14     | Reached skill level 12 in Shields
 21790 | D:14     | XOM: divination: magic mapping
 21792 | D:14     | Reached XP level 16. HP: 105/105 MP: 26/26
 21812 | D:14     | XOM: confuse monster(s)
 21822 | D:14     | Reached skill level 10 in Armour
 21870 | D:14     | XOM: summons 1 hostile demon
 21973 | D:14     | XOM: give mutations
 21973 | D:14     | Lost mutation: Your flesh is cold resistant. (rC+) [Xom's
                  | mischief]
 21973 | D:14     | Lost mutation: You are highly strong-willed. (Will++)
                  | [Xom's mischief]
 21973 | D:14     | Lost mutation: You have large cloven feet. [Xom's mischief]
 21973 | D:14     | Lost mutation: You are dopey. (Int -2) [Xom's mischief]
 21986 | D:14     | Reached skill level 14 in Fighting
 21989 | D:14     | XOM: confuse monster(s)
 22031 | D:14     | Noticed Agnes
 22039 | D:14     | Killed Agnes
 22052 | D:14     | XOM: summons 4 hostile shadow creatures
 22054 | D:14     | XOM: 6-stop teleportation journey
 22121 | D:14     | XOM: confusion
 22151 | D:14     | XOM: torment (65/106 hp)
 22183 | D:14     | Found a transporter.
 22183 | D:14     | Found Hoduej's Weapon Shoppe.
 22204 | D:14     | Found a transporter.
 22379 | D:14     | Found a gate to the Vaults.
 22392 | D:14     | Reached skill level 8 in Dodging
 22584 | Abyss:4  | Cast into level 4 of the Abyss (Xom)
 22611 | Abyss:4  | XOM: swap monsters
 22647 | Abyss:4  | Found a corrupted altar of Lugonu.
 22653 | Abyss:4  | Found a corrupted altar of Lugonu.
 22654 | Abyss:4  | Noticed a kraken
 22655 | Abyss:4  | Noticed a daeva
 22672 | Abyss:4  | XOM: summons 4 hostile shadow creatures
 22674 | Abyss:4  | Reached skill level 10 in Evocations
 22684 | Abyss:4  | Killed a daeva
 22685 | Abyss:4  | XOM: blink monster(s)
 22687 | Abyss:4  | XOM: enchant monster (bad)
 22687 | Abyss:4  | Noticed a tentacled monstrosity
 22688 | Abyss:4  | XOM: summons 5 friendly demons
 22696 | Abyss:4  | XOM: polymorph white draconian -> lindwurm
 22698 | Abyss:4  | Noticed a tentacled monstrosity
 22701 | Abyss:4  | XOM: scenery: summon butterflies
 22710 | Abyss:4  | XOM: fog
 22726 | Abyss:4  | XOM: potion effect (magic)
 22741 | Abyss:4  | Noticed a tentacled monstrosity
 22763 | Abyss:5  | Noticed a tentacled starspawn
 22797 | Abyss:5  | XOM: potion effect (haste)
 22798 | Abyss:5  | Killed a tentacled monstrosity
 22802 | Abyss:5  | Killed a tentacled starspawn
 22803 | Abyss:5  | Reached skill level 11 in Armour
 22826 | Abyss:5  | Found a corrupted altar of Lugonu.
 22827 | Abyss:5  | Found a corrupted altar of Lugonu.
 22842 | Abyss:5  | XOM: draining
 22853 | Abyss:5  | XOM: potion effect (might)
 22856 | D:14     | Escaped the Abyss
 22867 | D:15     | Entered Level 15 of the Dungeon
 23111 | D:15     | Noticed Nessos
 23117 | D:15     | Killed Nessos
 23379 | D:15     | XOM: cast spell 'Cause Fear'
 23385 | D:15     | XOM: noise
 23391 | D:15     | Found a staircase to the Depths.
 23494 | D:15     | XOM: cast spell 'Death Channel'
 23825 | Snake:1  | Entered Level 1 of the Snake Pit
 23826 | Snake:1  | XOM: divination: magic mapping
 23844 | Snake:1  | XOM: summons friendly ufetubus
 23848 | Snake:1  | XOM: snakes to sticks
 23973 | Snake:1  | Identified the serpent talisman of Minor Irritation {Will+
                  | MP-9 Str+3 Int+5}
 23973 | Snake:1  | Noticed Aizul
 23982 | Snake:1  | XOM: enchant monster (bad)
 23993 | Snake:1  | Killed Aizul
 24180 | Snake:1  | Identified the +1 pair of gloves of Limitation {rF+ Int+3}
 24181 | Snake:1  | XOM: silly message
 24207 | Snake:1  | XOM: enchant monster (good)
 24240 | Snake:1  | XOM: noise
 24272 | Snake:1  | XOM: 4-stop teleportation journey
 24439 | Snake:1  | XOM: noise
 24457 | Snake:1  | Reached skill level 15 in Fighting
 24461 | Snake:1  | XOM: 1-stop teleportation journey
 24808 | Snake:2  | XOM: potion effect (haste)
 24843 | Snake:2  | XOM: divination: detect creatures
 24852 | Snake:2  | Reached XP level 17. HP: 113/113 MP: 27/27
 24907 | Snake:2  | XOM: divination: detect creatures
 24916 | Snake:2  | Reached skill level 9 in Dodging
 24935 | Snake:2  | XOM: 2-stop teleportation journey
 24937 | Snake:2  | XOM: confuse monster(s)
 24949 | Snake:2  | XOM: divination: detect creatures
 24951 | Snake:2  | XOM: divination: magic mapping
 24976 | Snake:2  | Found a transporter.
 25012 | Snake:2  | Found a transporter.
 25012 | Snake:2  | Noticed a tentacled starspawn
 25036 | Snake:2  | XOM: summons friendly quasit
 25106 | Snake:2  | Noticed a hellephant
 25107 | Snake:2  | Noticed Omecili's ghost (journeyman DsNe)
 25248 | Snake:2  | XOM: enchant monster (good)
 25252 | Snake:2  | Reached skill level 12 in Armour
 25252 | Snake:2  | Reached skill level 11 in Evocations
 25303 | Snake:2  | XOM: summons friendly iron imp
 25307 | Snake:2  | XOM: swap monsters
 25390 | Snake:2  | Found Huvinun's Book Boutique.
 25397 | Snake:2  | Found Xuciton's Book Shoppe.
 25455 | Snake:2  | XOM: fog
 25805 | Snake:3  | XOM: summons 12 friendly demons
 25889 | Snake:3  | XOM: potion effect (heal wounds)
 25894 | Snake:3  | XOM: fog
 25902 | Snake:3  | XOM: give mutations
 25902 | Snake:3  | Gained mutation: You have very sharp teeth. [Xom's grace]
 25902 | Snake:3  | Gained mutation: You have large cloven feet. [Xom's grace]
 25902 | Snake:3  | Gained mutation: Your flesh is cold resistant. (rC+) [Xom's
                  | grace]
 25904 | Snake:3  | XOM: summons friendly ufetubus
 25968 | Snake:3  | XOM: 1-stop teleportation journey
 26043 | Snake:3  | XOM: swap monsters
 26071 | Snake:3  | XOM: fog
 26347 | Snake:3  | Reached skill level 16 in Fighting
 26473 | Snake:4  | Entered Level 4 of the Snake Pit
 26473 | Snake:4  | Noticed Louise
 26480 | Snake:4  | Killed Louise
 26481 | Snake:4  | Reached skill level 10 in Dodging
 26489 | Snake:4  | XOM: divination: detect items
 26586 | Snake:4  | XOM: confuse monster(s)
 26594 | Snake:4  | XOM: silly message
 26702 | Snake:4  | Found Houtasuagy's Vocational Training.
 26766 | Snake:4  | XOM: divination: detect items
 26771 | Snake:4  | XOM: potion effect (attraction)
 26774 | Snake:4  | XOM: divination: magic mapping
 26778 | Snake:4  | XOM: confuse monster(s)
 26801 | Snake:4  | XOM: cast spell 'Leda's Liquefaction'
 26805 | Snake:4  | Reached skill level 1 in Throwing
 26855 | Snake:4  | Reached skill level 12 in Evocations
 26855 | Snake:4  | Found a transporter.
 26858 | Snake:4  | XOM: potion effect (haste)
 26867 | Snake:4  | Noticed jotaen's ghost (adept MiFi)
 26871 | Snake:4  | Found a bloodstained altar of Trog.
 26906 | Snake:4  | Found a transporter.
 26937 | Snake:4  | XOM: polymorph naga warrior -> troll
 26942 | Snake:4  | XOM: polymorph troll -> slime creature
 27134 | Snake:4  | XOM: cleaving
 27147 | Snake:4  | Reached skill level 2 in Throwing
 27173 | Snake:4  | Reached XP level 18. HP: 122/122 MP: 28/28
 27181 | Snake:4  | XOM: potion effect (brilliance)
 27207 | Snake:4  | Noticed a quicksilver dragon
 27211 | Snake:4  | XOM: enchant monster (good)
 27223 | Snake:4  | Killed a quicksilver dragon
 27382 | Snake:4  | XOM: divination: detect creatures
 27420 | Snake:4  | XOM: cast spell 'Summon Small Mammal'
 27428 | Snake:4  | Reached skill level 3 in Throwing
 27438 | Snake:4  | XOM: divination: detect items
 27444 | Snake:4  | XOM: snakes to sticks
 27445 | Snake:4  | XOM: confuse monster(s)
 27457 | Snake:4  | XOM: enchant monster (good)
 27511 | Snake:4  | XOM: cleaving
 27600 | Snake:4  | Got a serpentine rune of Zot
 27790 | Shoals:1 | Entered Level 1 of the Shoals
 27790 | Shoals:1 | Found Plog's Antique Weapon Shoppe.
 27873 | Shoals:1 | XOM: silly message
 27876 | Shoals:1 | Reached skill level 4 in Throwing
 27919 | Shoals:1 | Reached skill level 13 in Shields
 27925 | Shoals:1 | XOM: cast spell 'Summon Small Mammal'
 27931 | Shoals:1 | XOM: divination: detect creatures
 28140 | Shoals:1 | XOM: 2-stop teleportation journey
 28258 | Shoals:1 | XOM: summons friendly iron imp
 28339 | Shoals:1 | XOM: noise
 28352 | Shoals:1 | Found Zoxteng's Visitors' Centre.
 28363 | Shoals:1 | Reached skill level 17 in Fighting
 28372 | Shoals:1 | Found Zoxteng's Merfolk Weapons.
 28384 | Shoals:1 | Found Zoxteng's Merfolk Magic.
 28384 | Shoals:1 | Found Zoxteng's Merfolk Armours.
 28407 | Shoals:1 | Bought a phial of floods for 600 gold pieces
 28430 | Shoals:1 | Reached skill level 11 in Dodging
 28624 | Shoals:2 | XOM: god gift: runed orb {god gift}
 28660 | Shoals:2 | XOM: summons friendly crimson imp
 28969 | Shoals:2 | Reached skill level 5 in Throwing
 29196 | Shoals:3 | XOM: enchant monster (good)
 29203 | Shoals:3 | XOM: summons friendly iron imp
 29204 | Shoals:3 | XOM: cleaving
 29281 | Shoals:3 | Found Aryemm's CLEARANCE SALE!.
 29290 | Shoals:3 | Bought a phantom mirror for 240 gold pieces
 29337 | Shoals:3 | XOM: give mutations
 29337 | Shoals:3 | Gained mutation: You have a pair of small horns on your
                  | head. [Xom's grace]
 29337 | Shoals:3 | Gained mutation: Your mind is acute. (Int +4, Str/Dex -1)
                  | [Xom's grace]
 29337 | Shoals:3 | Gained mutation: You are mostly covered in iridescent
                  | scales. (AC +4) [Xom's grace]
 29337 | Shoals:3 | Gained mutation: You are completely covered in iridescent
                  | scales. (AC +6) [Xom's grace]
 29361 | Shoals:3 | Found Doqyah's Jewellery Shoppe.
 29375 | Shoals:3 | XOM: smoke on damage
 29394 | Shoals:3 | XOM: god gift: staff of fire
 29639 | Shoals:3 | XOM: summons 3 friendly demons
 29725 | Shoals:4 | Entered Level 4 of the Shoals
 29810 | Shoals:4 | Noticed Bai Suzhen
 29829 | Shoals:4 | XOM: confuse monster(s)
 29845 | Shoals:4 | Killed Bai Suzhen
 29878 | Shoals:4 | Noticed Polyphemus
 29895 | Shoals:4 | XOM: confuse monster(s)
 29897 | Shoals:4 | XOM: summons 5 friendly demons
 29900 | Shoals:4 | Killed Polyphemus
 29901 | Shoals:4 | Reached XP level 19. HP: 107/128 MP: 29/29
 29965 | Shoals:4 | XOM: potion effect (invisibility)
 29979 | Shoals:4 | Reached skill level 6 in Throwing
 29988 | Shoals:4 | XOM: chaos upgrade
 30075 | Shoals:4 | Reached skill level 14 in Shields
 30083 | Shoals:4 | XOM: enchant monster (bad)
 30093 | Shoals:4 | XOM: confusion (+ monsters)
 30144 | Shoals:4 | Got a barnacled rune of Zot
 30255 | Shoals:4 | XOM: 2-stop teleportation journey
 30486 | Shoals:4 | Noticed Mara
 30489 | Shoals:4 | Noticed EnegeticOcto's illusion
 30494 | Shoals:4 | Killed Mara
 30874 | Elf:1    | Entered Level 1 of the Elven Halls
 30887 | Elf:1    | XOM: enchant monster (good)
 30888 | Elf:1    | XOM: summons friendly quasit
 30898 | Elf:1    | XOM: summons friendly iron imp
 30906 | Elf:1    | Found a runed translucent door.
 30906 | Elf:1    | Found a shimmering altar of Xom.
 30906 | Elf:1    | Noticed Prykner's ghost (adept MfGl)
 30911 | Elf:1    | Identified the +7 rapier of Desin {chaos, Int+3}
 31084 | Elf:1    | Reached skill level 7 in Throwing
 31088 | Elf:1    | Reached skill level 18 in Fighting
 31162 | Elf:1    | Found a flickering gateway to a bazaar.
 31168 | Elf:1    | Reached skill level 12 in Dodging
 31185 | Bazaar   | Entered a bazaar
 31185 | Bazaar   | Found Amise's Jewellery Emporium.
 31189 | Bazaar   | Found Ceer's Armour Shop.
 31200 | Bazaar   | Found Jica's Armour Emporium.
 31211 | Bazaar   | Found Zeux's Armour Boutique.
 31218 | Bazaar   | Found Larghe Josito's Jewellery Shop.
 31226 | Bazaar   | Bought the ring "Peravve" {AC+4 Str+4} for 616 gold pieces
 31315 | Elf:1    | XOM: scenery: 7 doors open
 31401 | Elf:1    | XOM: smoke on damage
 31547 | Elf:1    | XOM: god gift: 37 gold pieces
 31554 | Elf:1    | XOM: fake destruction
 31625 | Elf:1    | Paralysed by an air elemental for 1 turns
 31631 | Elf:1    | Paralysed by an air elemental for 1 turns
 31709 | Elf:1    | XOM: confusion
 31713 | Elf:1    | XOM: blink monster(s)
 31718 | Elf:1    | XOM: scenery: summon butterflies
 31799 | Elf:1    | XOM: torment (105/130 hp)
 31809 | Elf:1    | XOM: cleaving
 31814 | Elf:1    | XOM: confusion
 31862 | Elf:1    | XOM: give mutations
 31862 | Elf:1    | Lost mutation: You have a pair of small horns on your head.
                  | [Xom's mischief]
 31862 | Elf:1    | Lost mutation: You have large cloven feet. [Xom's mischief]
 31875 | Elf:1    | XOM: god gift: 4 stones
 31962 | Elf:1    | XOM: give mutations
 31962 | Elf:1    | Gained mutation: You have a pair of small horns on your
                  | head. [Xom's grace]
 31962 | Elf:1    | Gained mutation: You have hidden genetic potential. [Xom's
                  | grace]
 31962 | Elf:1    | Gained mutation: Your spells are harder to cast, but more
                  | powerful. [Xom's grace]
 32114 | Elf:2    | XOM: noise
 32162 | Elf:2    | Paralysed by an air elemental for 1 turns
 32176 | Elf:2    | Reached skill level 15 in Shields
 32188 | Elf:2    | XOM: confusion (+ monsters)
 32215 | Elf:2    | XOM: noise
 32237 | Elf:2    | XOM: enchant monster (good)
 32240 | Elf:2    | Reached skill level 8 in Throwing
 32382 | Elf:2    | Found Afeliu Guage's Jewellery Boutique.
 32537 | Elf:2    | Found a runed translucent gate.
 32537 | Elf:2    | Found a runed translucent gate.
 32537 | Elf:2    | Found a runed translucent gate.
 32537 | Elf:2    | XOM: 3-stop teleportation journey
 32567 | Elf:2    | Found a magical portal.
 32826 | Elf:2    | XOM: enchant monster (good)
 32843 | Elf:2    | Reached XP level 20. HP: 135/137 MP: 30/30
 32887 | Elf:2    | XOM: 4-stop teleportation journey
 32893 | Elf:2    | XOM: enchant monster (bad)
 32910 | Elf:2    | XOM: cast spell 'Death Channel'
 32917 | Elf:2    | XOM: scenery: summon butterflies
 33012 | Elf:2    | XOM: divination: magic mapping
 33177 | Elf:3    | Entered Level 3 of the Elven Halls
 33323 | Elf:3    | Found a flickering gateway to a bazaar.
 33327 | Elf:3    | XOM: silly message
 33331 | Bazaar   | Entered a bazaar
 33331 | Bazaar   | Found Piuhy's Book Shop.
 33331 | Bazaar   | Found Yvvad's Assorted Antiques.
 33331 | Bazaar   | Found Ukkuduwai's Weapon Shop.
 33333 | Bazaar   | Found Mufroh's Antique Weapon Shoppe.
 33333 | Bazaar   | Found Hemut's Assorted Antiques.
 33380 | Bazaar   | Bought a warped bone ring for 110 gold pieces
 33380 | Bazaar   | Identified the ring of Spite {rC+ Int+6} (You bought it in
                  | a shop in a bazaar)
 33390 | Bazaar   | Bought a scroll of enchant armour for 247 gold pieces
 33438 | Elf:3    | Reached skill level 19 in Fighting
 33474 | Elf:3    | Reached skill level 9 in Throwing
 33495 | Elf:3    | XOM: cloud trail
 33515 | Elf:3    | Found an ancient bone altar of Kikubaaqudgha.
 33745 | Elf:3    | Reached skill level 16 in Shields
 34154 | Elf:3    | XOM: enchant monster (bad)
 34164 | Elf:3    | XOM: cast spell 'Summon Hydra'
 34225 | Elf:3    | Identified the +4 ring mail of Intuition {rF+ Int-4 Dex+3}
 34280 | Elf:3    | Identified the +8 glaive of Soduf {protect, +Blink rPois
                  | SInv Stlth-}
 34328 | Elf:3    | Identified the +4 great mace "Quf Got" {chaos, *Rage
                  | ^Fragile Str+2 Int+7}
 34351 | Elf:3    | XOM: torment (112/139 hp)
 34361 | Elf:3    | XOM: summons 10 hostile demons
 34363 | Elf:3    | XOM: chaos cloud
 34364 | Elf:3    | XOM: stat loss: -1 Dex (21/22)
 34366 | Elf:3    | XOM: blink monster(s)
 34373 | Elf:3    | Gained mutation: Your muscles are very strong. (Str +8,
                  | Int/Dex -2) [hidden potential]
 34374 | Elf:3    | XOM: swap monsters
 34381 | Elf:3    | Reached skill level 10 in Throwing
 34720 | Elf:3    | Identified the +8 orcbow of the Final Decision {drain,
                  | Dex+3}
 34778 | Elf:3    | Identified the +2 orcbow of the Distant Future {drain,
                  | rElec rF+ rC+}
 34779 | Elf:3    | XOM: draining
 34781 | Elf:3    | Identified the staff of the Fifty Moons {rPois Dex+4
                  | Poison}
 34834 | Elf:3    | Identified the +4 spear of Resha {antimagic, rF++ Will-
                  | Str+3}
 34869 | Elf:3    | Learned a level 2 spell: Lesser Beckoning
 34874 | Elf:3    | XOM: give mutations
 34874 | Elf:3    | Lost mutation: You occasionally lose the ability to read
                  | scrolls when taking damage. [Xom's mischief]
 34874 | Elf:3    | Lost mutation: Your body sometimes deteriorates upon taking
                  | damage. [Xom's mischief]
 34874 | Elf:3    | Lost mutation: You expend magic power (3 MP) to strengthen
                  | your wands. [Xom's mischief]
 34874 | Elf:3    | Lost mutation: Your mind is acute. (Int +4, Str/Dex -1)
                  | [Xom's mischief]
 35096 | Vaults:1 | Entered Level 1 of the Vaults
 35134 | Vaults:1 | XOM: 1-stop teleportation journey
 35154 | Vaults:1 | Reached skill level 1 in Translocations
 35177 | Vaults:1 | XOM: potion effect (invisibility)
 35185 | Vaults:1 | XOM: cast spell 'Summon Mana Viper'
 35231 | Vaults:1 | XOM: cast spell 'Summon Mana Viper'
 35232 | Vaults:1 | XOM: divination: detect items
 35289 | Vaults:1 | XOM: divination: detect creatures
 35297 | Vaults:1 | XOM: summons friendly crimson imp
 35308 | Vaults:1 | Reached skill level 2 in Translocations
 35311 | Vaults:1 | XOM: summons friendly quasit
 35317 | Vaults:1 | XOM: chaos upgrade
 35328 | Vaults:1 | XOM: enchant monster (bad)
 35338 | Vaults:1 | XOM: destruction
 35387 | Vaults:1 | XOM: draining
 35438 | Vaults:1 | XOM: polymorph ironbound preserver -> fire giant
 35454 | Vaults:1 | XOM: noise
 35457 | Vaults:1 | XOM: summons friendly ufetubus
 35462 | Vaults:1 | Reached XP level 21. HP: 129/145 MP: 31/31
 35655 | Vaults:1 | XOM: destruction
 35722 | Vaults:1 | XOM: swap monsters
 35728 | Vaults:1 | Reached skill level 13 in Armour
 35733 | Vaults:1 | Reached skill level 3 in Translocations
 35757 | Vaults:1 | XOM: chaos cloud
 35769 | Vaults:1 | Reached skill level 20 in Fighting
 35770 | Vaults:1 | XOM: chaos upgrade
 35771 | Vaults:1 | Reached skill level 17 in Shields
 36174 | Vaults:1 | Found Ysyovej's General Store.
 36180 | Vaults:1 | Bought 5 boomerangs for 180 gold pieces
 36180 | Vaults:1 | Bought a wand of digging (2) for 151 gold pieces
 36259 | Vaults:1 | XOM: give mutation
 36259 | Vaults:1 | Lost mutation: You have a pair of small horns on your head.
                  | [Xom's mischief]
 36424 | Vaults:1 | XOM: stat loss: -1 Dex (21/22)
 36517 | Vaults:2 | XOM: summons friendly quasit
 36522 | Vaults:2 | XOM: divination: detect items
 36531 | Vaults:2 | Reached skill level 4 in Translocations
 36549 | Vaults:2 | XOM: blink monster(s)
 36653 | Vaults:2 | Reached skill level 11 in Throwing
 36775 | Vaults:2 | XOM: blink monster(s)
 36780 | Vaults:2 | Reached skill level 14 in Armour
 36806 | Vaults:2 | XOM: summons 5 hostile demons
 36872 | Vaults:2 | XOM: potion effect (invisibility)
 36875 | Vaults:2 | XOM: summons 5 friendly demons
 37097 | Vaults:2 | XOM: 2-stop teleportation journey
 37149 | Vaults:2 | You are sucked into a shaft and drop 1 floor!
 37198 | Vaults:3 | XOM: god gift: scroll of acquirement
 37205 | Vaults:3 | Acquired a ring of the Octopus King {rC+ HP+2 AC+2 EV+2
                  | SH+2}
 37205 | Vaults:3 | Found the ring of the Octopus King {rC+ HP+2 AC+2 EV+2
                  | SH+2}
 37207 | Vaults:3 | XOM: 7-stop teleportation journey
 37210 | Vaults:3 | XOM: cast spell 'Disjunction'
 37215 | Vaults:3 | XOM: fake destruction
 37228 | Vaults:3 | XOM: summons 4 friendly demons
 37331 | Vaults:3 | Found a staircase to the Crypt.
 37417 | Vaults:3 | Reached skill level 5 in Translocations
 37431 | Vaults:3 | Gained mutation: You have large cloven feet. [hidden
                  | potential]
 37431 | Vaults:3 | Lost mutation: You have hidden genetic potential. [hidden
                  | potential expressed]
 37547 | Vaults:3 | XOM: polymorph yaktaur -> ogre
 37551 | Vaults:3 | XOM: fake destruction
 37553 | Vaults:3 | XOM: scenery: 3 doors close
 37565 | Vaults:3 | XOM: cast spell 'Metabolic Englaciation'
 37568 | Vaults:3 | XOM: 2-stop teleportation journey
 37616 | Vaults:3 | XOM: divination: magic mapping
 37688 | Vaults:3 | XOM: divine lightning
 37697 | Vaults:3 | XOM: scenery: 1 doors close
 37727 | Vaults:3 | XOM: divination: detect items
 37958 | Vaults:3 | XOM: cloud trail
 37993 | Vaults:3 | Reached skill level 15 in Armour
 38081 | Vaults:3 | Reached skill level 6 in Translocations
 38081 | Vaults:3 | Reached XP level 22. HP: 152/152 MP: 32/32
 38101 | Vaults:3 | XOM: cleaving
 38148 | Vaults:3 | XOM: cloud trail
 38288 | Vaults:4 | XOM: swap monsters
 38329 | Vaults:4 | XOM: confusion
 38378 | Vaults:4 | Reached skill level 18 in Shields
 38388 | Vaults:4 | XOM: divination: magic mapping
 38445 | Vaults:4 | XOM: 1-stop teleportation journey
 38475 | Vaults:4 | XOM: noise
 38620 | Vaults:4 | XOM: enchant monster (bad)
 38650 | Vaults:4 | Reached skill level 12 in Throwing
 38653 | Vaults:4 | Reached XP level 23. HP: 156/156 MP: 34/34
 38661 | Vaults:4 | XOM: 6-stop teleportation journey
 38672 | Vaults:4 | XOM: enchant monster (bad)
 38680 | Vaults:4 | Reached skill level 16 in Armour
 38730 | Vaults:4 | XOM: chaos upgrade
 38731 | Vaults:4 | XOM: noise
 38782 | Vaults:4 | XOM: silly message
 38809 | Vaults:4 | XOM: divination: magic mapping
 38825 | Vaults:4 | Reached skill level 7 in Translocations
 39101 | Vaults:4 | XOM: give mutations
 39101 | Vaults:4 | Lost mutation: You are very agile. (Dex +8, Str/Int -2)
                  | [Xom's mischief]
 39101 | Vaults:4 | Lost mutation: You have an increased reservoir of magic.
                  | (+10% MP) [Xom's mischief]
 39101 | Vaults:4 | Lost mutation: Armour fits poorly on your strangely shaped
                  | body. [Xom's mischief]
 39125 | Vaults:4 | XOM: confusion
 39128 | Vaults:4 | XOM: polymorph ironbound convoker -> shapeshifter
 39142 | Vaults:4 | XOM: enchant monster (bad)
 39152 | Vaults:4 | XOM: chaos upgrade
 39156 | Vaults:4 | XOM: summons 2 hostile shadow creatures
 39184 | Vaults:4 | XOM: silly message
 39552 | Vaults:2 | XOM: scenery: 3 doors open
 40376 | Snake:4  | XOM: silly message
 40385 | Snake:4  | XOM: potion effect (experience)
 40385 | Snake:4  | Reached skill level 17 in Maces & Flails
 40385 | Snake:4  | Reached skill level 17 in Armour
 40385 | Snake:4  | Reached XP level 24. HP: 163/163 MP: 30/30
 40429 | Snake:4  | Killed jotaen's ghost
 40430 | Snake:4  | Reached skill level 8 in Translocations
 40701 | Lair:1   | XOM: give mutations
 40701 | Lair:1   | Lost mutation: You are completely covered in iridescent
                  | scales. (AC +6) [Xom's mischief]
 40701 | Lair:1   | Lost mutation: You are agile. (Dex +4, Str/Int -1) [Xom's
                  | mischief]
 40701 | Lair:1   | Lost mutation: Your spells are harder to cast, but more
                  | powerful. [Xom's mischief]
 40701 | Lair:1   | Lost mutation: You are strong-willed. (Will+) [Xom's
                  | mischief]
 40854 | Depths:1 | Entered Level 1 of the Depths
 40855 | Depths:1 | XOM: confusion (+ monsters)
 40856 | Depths:1 | XOM: destruction
 40862 | Depths:1 | XOM: destruction
 40907 | Depths:1 | XOM: destruction
 40908 | Depths:1 | XOM: confuse monster(s)
 40933 | Depths:1 | XOM: summons friendly shadow imp
 40987 | Depths:1 | XOM: noise
 41009 | Depths:1 | Found a runed translucent gate.
 41009 | Depths:1 | Found a runed translucent gate.
 41009 | Depths:1 | Found a runed translucent gate.
 41010 | Depths:1 | Noticed Dikisett's ghost (veteran GrCj)
 41025 | Depths:1 | XOM: god gift: 52 gold pieces
 41065 | Depths:1 | XOM: 1-stop teleportation journey
 41154 | Depths:1 | Found a one-way gate leading to the halls of Pandemonium.
 41202 | Depths:1 | XOM: silly message
 41224 | Depths:1 | Found Koroa's Magic Scroll Boutique.
 41232 | Depths:1 | Bought a scroll of enchant armour for 135 gold pieces
 41232 | Depths:1 | Bought a scroll of fog for 72 gold pieces
 41232 | Depths:1 | Bought a scroll of teleportation for 54 gold pieces
 41271 | Depths:1 | XOM: enchant monster (good)
 41276 | Depths:1 | XOM: confuse monster(s)
 41304 | Depths:1 | XOM: potion effect (might)
 41356 | Depths:1 | Found Seblobbuto's Weapon Shop.
 41364 | Depths:1 | Bought 5 curare-tipped darts for 132 gold pieces
 41364 | Depths:1 | Bought 2 silver javelins for 396 gold pieces
 41366 | Depths:1 | Noticed Saint Roka
 41379 | Depths:1 | XOM: confusion
 41380 | Depths:1 | XOM: divination: detect creatures
 41399 | Depths:1 | Killed Saint Roka
 41400 | Depths:1 | Reached skill level 19 in Shields
 41416 | Depths:1 | Reached skill level 18 in Armour
 41421 | Depths:1 | Found Zaitsih's Distillery.
 41436 | Depths:1 | XOM: summons 7 friendly demons
 41442 | Depths:1 | XOM: confuse monster(s)
 41471 | Depths:1 | Bought a potion of curing for 69 gold pieces
 41471 | Depths:1 | Bought a potion of mutation for 184 gold pieces
 41471 | Depths:1 | Bought 2 potions of enlightenment for 230 gold pieces
 41471 | Depths:1 | Found a gateway to Hell.
 41530 | Depths:1 | XOM: give mutations
 41530 | Depths:1 | Gained mutation: You have hoof-like feet. [Xom's grace]
 41530 | Depths:1 | Gained mutation: You possess an exceptional clarity of
                  | mind. [Xom's grace]
 41659 | Depths:1 | XOM: polymorph stone giant -> torpor snail
 41669 | Depths:1 | XOM: god gift: 26 gold pieces
 41675 | Depths:1 | XOM: summons friendly ufetubus
 41682 | Depths:1 | XOM: summons friendly crimson imp
 41690 | Depths:1 | Noticed Asterion
 41691 | Depths:1 | XOM: divine lightning
 41692 | Depths:1 | Asterion changed into Asterion the sphinx
 41692 | Depths:1 | Noticed Asterion
 41692 | Depths:1 | XOM: polymorph Asterion -> Asterion the sphinx
 41702 | Depths:1 | Killed Asterion the sphinx
 41703 | Depths:1 | XOM: swap monsters
 41705 | Depths:1 | XOM: blink monster(s)
 41722 | Depths:1 | XOM: swap monsters
 41815 | Depths:1 | XOM: silly message
 41886 | Depths:1 | Reached skill level 9 in Translocations
 42120 | Depths:1 | XOM: summons 10 hostile demons
 42258 | Depths:2 | XOM: enchant monster (good)
 42317 | Depths:2 | XOM: 2-stop teleportation journey
 42329 | Depths:2 | XOM: polymorph tengu reaver -> catoblepas
 42330 | Depths:2 | XOM: swap monsters
 42532 | Depths:2 | XOM: polymorph iron dragon -> rockslime
 42621 | Depths:2 | Found a one-way gateway to a ziggurat.
 42621 | Depths:2 | XOM: 2-stop teleportation journey
 42623 | Depths:2 | Reached XP level 25. HP: 168/168 MP: 30/30
 42630 | Depths:2 | XOM: divination: detect creatures
 42633 | Depths:2 | XOM: summons friendly white imp
 42830 | D:12     | XOM: divination: detect items
 43109 | Snake:2  | XOM: cast spell 'Summon Hydra'
 43147 | Snake:2  | Killed Omecili's ghost
 43168 | Snake:2  | Found a one-way gate to the infinite horrors of the Abyss.
 43226 | Snake:2  | Identified the +5 ring mail of the Gloaming {*Corrode rPois
                  | Int+6}
 43251 | Snake:2  | XOM: noise
 43539 | D:15     | XOM: summons 1 hostile demon
 43603 | Depths:2 | XOM: cast spell 'Metabolic Englaciation'
 43666 | Depths:2 | Reached skill level 18 in Maces & Flails
 43667 | Depths:2 | XOM: enchant monster (bad)
 43696 | Depths:2 | XOM: blink monster(s)
 43703 | Depths:2 | Reached skill level 19 in Armour
 43983 | Depths:2 | Reached skill level 10 in Translocations
 44026 | Depths:2 | XOM: enchant monster (bad)
 44027 | Depths:2 | XOM: scenery: create altars
 44039 | Depths:2 | XOM: swap monsters
 44097 | Depths:2 | XOM: potion effect (invisibility)
 44098 | Depths:2 | XOM: cast spell 'Alistair's Intoxication'
 44101 | Depths:2 | XOM: potion effect (haste)
 44239 | Depths:2 | XOM: polymorph stone giant -> glowing shapeshifter
 44342 | Depths:2 | XOM: summons friendly iron imp
 44343 | Depths:2 | XOM: scenery: 1 doors close
 44345 | Depths:2 | XOM: confuse monster(s)
 44348 | Depths:2 | Reached skill level 20 in Shields
 44354 | Depths:2 | XOM: enchant monster (good)
 44543 | Depths:3 | XOM: divination: detect items
 44645 | Depths:3 | XOM: divine lightning
 44660 | Depths:3 | XOM: polymorph spriggan air mage -> shapeshifter
 44672 | Depths:3 | XOM: god gift: 5 atropa-tipped darts
 44782 | Depths:3 | XOM: give mutation
 44782 | Depths:3 | Gained mutation: You are somewhat resistant to further
                  | mutation. [Xom's grace]
 44792 | Depths:3 | XOM: cleaving
 44797 | Depths:3 | XOM: summons friendly quasit
 44960 | Depths:3 | Acquired 575 gold pieces
 45174 | Depths:3 | Identified the +2 tower shield of Grace {rPois rF+}
 45195 | Depths:3 | XOM: torment (108/170 hp)
 45196 | Depths:3 | XOM: summons 4 hostile shadow creatures
 45196 | Depths:3 | XOM: smoke on damage
 45307 | Depths:3 | XOM: give mutations
 45307 | Depths:3 | Gained mutation: You are clumsy. (Dex -2) [Xom's mischief]
 45307 | Depths:3 | Lost mutation: Your muscles are very strong. (Str +8,
                  | Int/Dex -2) [Xom's mischief]
 45344 | Depths:3 | XOM: torment (137/170 hp)
 45396 | Depths:3 | Found a glowing silver altar of Zin.
 45419 | Depths:3 | XOM: swap monsters
 45434 | Depths:3 | XOM: smoke on damage
 45535 | Depths:3 | XOM: give mutation
 45535 | Depths:3 | Lost mutation: Your natural rate of healing is unusually
                  | fast. [Xom's mischief]
 45555 | Depths:3 | Identified the +1 buckler of Bilafeol {rN+ Str+2 Stlth-}
 45649 | Depths:3 | Reached skill level 20 in Armour
 45663 | Depths:3 | Reached skill level 19 in Maces & Flails
 45879 | Depths:4 | Entered Level 4 of the Depths
 45886 | Depths:4 | XOM: summons 13 hostile demons
 45906 | Depths:4 | XOM: stat loss: -1 Dex (12/13)
 45949 | Depths:4 | XOM: enchant monster (bad)
 45953 | Depths:4 | XOM: stat loss: -1 Int (20/21)
 45957 | Depths:4 | XOM: repel stairs
 45967 | Depths:4 | XOM: 2-stop teleportation journey
 45981 | Depths:4 | XOM: draining
 45982 | Depths:4 | XOM: blink monster(s)
 46004 | Depths:4 | XOM: confuse monster(s)
 46021 | Depths:4 | XOM: scenery: summon butterflies
 46044 | Depths:4 | XOM: confuse monster(s)
 46047 | Depths:4 | XOM: summons friendly iron imp
 46068 | Depths:4 | XOM: give mutations
 46068 | Depths:4 | Gained mutation: Armour fits poorly on your strangely
                  | shaped body. [Xom's mischief]
 46068 | Depths:4 | Lost mutation: You possess an exceptional clarity of mind.
                  | [Xom's mischief]
 46068 | Depths:4 | Lost mutation: Your muscles are strong. (Str +4, Int/Dex
                  | -1) [Xom's mischief]
 46093 | Depths:4 | XOM: scenery: 1 doors close
 46131 | Depths:4 | XOM: polymorph hell hog -> rust devil
 46137 | Depths:4 | XOM: chaos upgrade
 46138 | Depths:4 | XOM: silly message
 46139 | Depths:4 | Reached skill level 20 in Maces & Flails
 46143 | Depths:4 | XOM: enchant monster (good)
 46145 | Depths:4 | XOM: fog
 46163 | Depths:4 | XOM: destruction
 46196 | Depths:4 | Reached XP level 26. HP: 172/174 MP: 30/30
 46383 | Depths:4 | XOM: confuse monster(s)
 46396 | Depths:4 | XOM: cleaving
 46400 | Depths:4 | XOM: enchant monster (good)
 46469 | Depths:4 | Found a gate to the Realm of Zot.
 46531 | Depths:4 | Found a stormy altar of Qazlal.
 46629 | Depths:4 | XOM: give mutations
 46629 | Depths:4 | Gained mutation: You are completely covered in iridescent
                  | scales. (AC +6) [Xom's mischief]
 46629 | Depths:4 | Lost mutation: Your spells are a little harder to cast, but
                  | a little more powerful. [Xom's mischief]
 46629 | Depths:4 | Lost mutation: You have very sharp teeth. [Xom's mischief]
 46629 | Depths:4 | Lost mutation: You are clumsy. (Dex -2) [Xom's mischief]
 46648 | Depths:4 | XOM: summons 5 hostile demons
 46650 | Depths:4 | XOM: enchant monster (bad)
 46755 | Depths:4 | Found Tiwarefo's Jewellery Boutique.
 46755 | Depths:4 | Found Anotz's Book Shoppe.
 46757 | Depths:4 | Found Poidolol's Book Shoppe.
 47080 | Crypt:1  | Entered Level 1 of the Crypt
 47081 | Crypt:1  | XOM: fog
 47608 | Crypt:1  | XOM: give mutations
 47608 | Crypt:1  | Gained mutation: You are robust. (+10% HP) [Xom's mischief]
 47608 | Crypt:1  | Lost mutation: You are completely covered in iridescent
                  | scales. (AC +6) [Xom's mischief]
 47701 | Crypt:2  | Noticed Frederick
 47713 | Crypt:2  | Killed Frederick
 47716 | Crypt:2  | XOM: give mutations
 47716 | Crypt:2  | Gained mutation: Your magical capacity is low. (-10% MP)
                  | [Xom's mischief]
 47716 | Crypt:2  | Gained mutation: You occasionally lose the ability to read
                  | scrolls when taking damage. [Xom's mischief]
 47717 | Crypt:2  | Killed the ghostly Frederick
 47733 | Crypt:2  | XOM: enchant monster (bad)
 47928 | Crypt:2  | Noticed Margery
 47957 | Crypt:2  | Killed Margery
 47957 | Crypt:2  | XOM: confusion
 48074 | Crypt:2  | Noticed Mennas
 48074 | Crypt:2  | XOM: 3-stop teleportation journey
 48089 | Crypt:2  | XOM: cast spell 'Alistair's Intoxication'
 48093 | Crypt:2  | Killed Mennas
 48342 | Crypt:2  | XOM: give mutations
 48342 | Crypt:2  | Gained mutation: You have hooves in place of feet. [Xom's
                  | grace]
 48342 | Crypt:2  | Gained mutation: You possess an exceptional clarity of
                  | mind. [Xom's grace]
 48364 | Crypt:2  | XOM: 7-stop teleportation journey
 48504 | Crypt:3  | Entered Level 3 of the Crypt
 48508 | Crypt:3  | XOM: cast spell 'Monstrous Menagerie'
 48638 | Crypt:3  | XOM: potion effect (might)
 48641 | Crypt:3  | XOM: scenery: 1 doors open, 1 doors close
 48644 | Crypt:3  | XOM: polymorph necromancer -> shapeshifter
 48753 | Crypt:3  | XOM: divination: detect items
 48757 | Crypt:3  | XOM: divination: detect items
 48902 | Crypt:3  | Noticed Jory
 48917 | Crypt:3  | XOM: silly message
 48954 | Crypt:3  | Killed Jory
 49098 | Crypt:3  | Found an ancient bone altar of Kikubaaqudgha.
 49098 | Crypt:3  | Noticed an ancient lich
 49106 | Crypt:3  | XOM: potion effect (brilliance)
 49107 | Crypt:3  | Killed an ancient lich
 49205 | Crypt:3  | Got Kikubaaqudgha's Precepts of Open Graves
 49303 | Crypt:3  | XOM: cloud trail
 49392 | Crypt:3  | XOM: potion effect (brilliance)
 49476 | Crypt:3  | Found a staircase to the Tomb.
 49493 | Crypt:3  | Identified the +1 morningstar "Poiwoise" {spect, ^Drain rC-
                  | Str+8 Int+4}
 49652 | Crypt:3  | XOM: summons 2 friendly demons
 49800 | Vaults:4 | XOM: summons 2 hostile demons
 49835 | Vaults:5 | Entered Level 5 of the Vaults
 49841 | Vaults:5 | XOM: polymorph tengu reaver -> golden dragon
 49895 | Vaults:5 | XOM: stat loss: -1 Int (19/20)
 49904 | Vaults:5 | XOM: summons 2 hostile demons
 49911 | Vaults:5 | Reached skill level 13 in Throwing
 49924 | Vaults:5 | a titan changed into a juggernaut
 49924 | Vaults:5 | Noticed a juggernaut
 49924 | Vaults:5 | XOM: polymorph titan -> juggernaut
 49932 | Vaults:5 | Killed a juggernaut
 49933 | Vaults:5 | Reached XP level 27. HP: 199/199 MP: 27/27
 49993 | Vaults:5 | Identified the +7 scimitar "Gavaof" {speed, rF+ Dex+2}
 50012 | Vaults:5 | Reached skill level 13 in Dodging
 50035 | Vaults:5 | XOM: noise
 50060 | Vaults:5 | XOM: summons friendly shadow imp
 50068 | Vaults:5 | Identified the +7 shortbow of Distraction {flame, rPois
                  | Str+2 Dex+2 SInv}
 50221 | Vaults:5 | Got a silver rune of Zot
 50389 | Vaults:5 | Identified the staff of the Gloaming {rPois rC++ Int-5 Fire
                  | Poison}
 50407 | Vaults:5 | XOM: summons friendly shadow imp
 50409 | Vaults:5 | XOM: summons 13 friendly demons
 50411 | Vaults:5 | XOM: confuse monster(s)
 50424 | Vaults:5 | XOM: 3-stop teleportation journey
 50460 | Vaults:5 | XOM: scenery: summon butterflies
 50463 | Vaults:5 | XOM: chaos upgrade
 50490 | Vaults:5 | Reached skill level 14 in Throwing
 50492 | Vaults:5 | XOM: noise
 50503 | Vaults:5 | XOM: confuse monster(s)
 50534 | Vaults:5 | XOM: enchant monster (bad)
 50540 | Vaults:5 | XOM: divination: magic mapping
 50549 | Vaults:5 | XOM: summons friendly white imp
 50558 | Vaults:5 | Reached skill level 14 in Dodging
 50574 | Vaults:5 | XOM: confuse monster(s)
 50586 | Vaults:5 | XOM: potion effect (berserk rage)
 50701 | Vaults:5 | XOM: god gift: 10 gold pieces
 50717 | Vaults:5 | Identified the +1 helmet "Tammomp" {rPois rC+ Str+3}
 50739 | Vaults:5 | Got the Textbook on the Flammable Union
 50751 | Vaults:5 | XOM: fake destruction
 50793 | Vaults:5 | XOM: chaos upgrade
 50796 | Vaults:5 | XOM: divination: detect creatures
 50800 | Vaults:5 | XOM: cast spell 'Summon Small Mammal'
 50809 | Vaults:5 | XOM: enchant monster (bad)
 50820 | Vaults:5 | XOM: polymorph yaktaur captain -> shapeshifter
 50824 | Vaults:5 | XOM: enchant monster (good)
 50851 | Vaults:5 | XOM: summons friendly quasit
 50863 | Vaults:5 | Reached skill level 15 in Throwing
 51091 | Vaults:5 | XOM: enchant monster (bad)
 51165 | Vaults:5 | Got the Guidebook on the Changed Fairies
 51478 | Vaults:5 | XOM: stat loss: -1 Int (19/20)
 51621 | Vaults:3 | XOM: god gift: 870 gold pieces
 51835 | D:10     | You paid a toll of 3 potions of resistance to enter a
                  | treasure trove
 51836 | Trove    | Entered a treasure trove
 51885 | Trove    | Identified the ring of Wufruar {rF+++ rCorr AC+4 Slay+2}
 51886 | Trove    | Identified the ring "Moextuh" {Ice rElec rCorr Int+3}
 51887 | Trove    | Identified the amulet "Beskoi" {Reflect Regen+ Str+3 SH+5}
 52679 | Zot:1    | Entered Level 1 of the Realm of Zot
 52685 | Depths:4 | Learned a level 1 spell: Apportation
 52778 | Zot:1    | XOM: fog
 52841 | Zot:2    | XOM: summons 4 hostile shadow creatures
 52903 | Zot:1    | XOM: give mutations
 52903 | Zot:1    | Lost mutation: You have hooves in place of feet. [Xom's
                  | mischief]
 52903 | Zot:1    | Gained mutation: You are partially covered in large bone
                  | plates. (SH +4) [Xom's mischief]
 52903 | Zot:1    | Lost mutation: Armour fits poorly on your strangely shaped
                  | body. [Xom's mischief]
 52903 | Zot:1    | Lost mutation: You are robust. (+10% HP) [Xom's mischief]
 52909 | Zot:1    | XOM: enchant monster (good)
 53085 | Zot:2    | XOM: divination: detect items
 53318 | Zot:2    | XOM: cast spell 'Chain of Chaos'
 53426 | Zot:2    | Reached skill level 15 in Dodging
 53691 | Zot:2    | Paralysed by an air elemental for 1 turns
 53719 | Zot:2    | XOM: cast spell 'Disjunction'
 53751 | Zot:2    | XOM: enchant monster (good)
 53824 | Zot:2    | XOM: 4-stop teleportation journey
 54243 | Zot:2    | XOM: polymorph storm dragon -> quicksilver dragon
 54257 | Zot:2    | Identified the staff "Ruoxius" {rElec rC+ Dex+3 Stlth- Fire
                  | Air}
 54313 | Zot:2    | XOM: enchant monster (bad)
 54387 | Zot:2    | XOM: enchant monster (good)
 54424 | Zot:2    | Reached skill level 16 in Throwing
 54454 | Zot:2    | Identified the staff of Midsummer {rElec rC++ Int-4 Dex+2
                  | Ice Air}
 54480 | Zot:3    | XOM: summons 12 friendly demons
 54491 | Zot:3    | XOM: cast spell 'Call Canine Familiar'
 54494 | Zot:3    | XOM: enchant monster (bad)
 54496 | Zot:3    | XOM: 3-stop teleportation journey
 54548 | Zot:3    | XOM: enchant monster (bad)
 54551 | Zot:3    | XOM: silly message
 54818 | Zot:3    | XOM: chaos upgrade
 54828 | Zot:3    | XOM: swap monsters
 54833 | Zot:3    | XOM: polymorph storm dragon -> eleionoma
 54835 | Zot:3    | XOM: polymorph eleionoma -> stone giant
 54846 | Zot:3    | XOM: noise
 54860 | Zot:3    | XOM: scenery: summon butterflies
 54871 | Zot:3    | Reached skill level 16 in Dodging
 55092 | Zot:3    | XOM: stat loss: -1 Str (27/28)
 55726 | Zot:3    | XOM: confuse monster(s)
 55783 | Zot:3    | XOM: divination: magic mapping
 55831 | Zot:3    | Noticed an orb of fire
 55833 | Zot:3    | XOM: cleaving
 55847 | Zot:3    | Reached skill level 17 in Dodging
 55880 | Zot:3    | XOM: divine lightning
 55882 | Zot:3    | XOM: fog
 55902 | Zot:3    | Noticed an ancient lich
 55983 | Zot:3    | Found a stormy altar of Qazlal.
 55991 | Zot:3    | XOM: divine lightning
 55991 | Zot:3    | Gained mutation: Your body sometimes deteriorates upon
                  | taking damage. [an orb of fire]
 56000 | Zot:3    | Killed an orb of fire
 56005 | Zot:3    | XOM: cast spell 'Discord'
 56010 | Zot:3    | XOM: confuse monster(s)
 56014 | Zot:3    | XOM: 3-stop teleportation journey
 56015 | Zot:3    | Killed an ancient lich
 56225 | Zot:3    | Killed an orb of fire
 56266 | Zot:4    | XOM: god gift: scroll of acquirement
 56267 | Zot:4    | Acquired 1097 gold pieces
 56272 | Zot:4    | XOM: cast spell 'Monstrous Menagerie'
 56284 | Zot:4    | XOM: cleaving
 56286 | Zot:4    | XOM: summons friendly white imp
 56289 | Zot:4    | XOM: confuse monster(s)
 56290 | Zot:4    | XOM: 10-stop teleportation journey
 56364 | Zot:4    | Identified the staff of Foalikan {rElec rC+ Ice} (Xom
                  | gifted it to you on level 4 of the Realm of Zot)
 56364 | Zot:4    | XOM: god gift: staff of Foalikan {rElec rC+ Ice}
 56407 | Zot:4    | Identified the +6 leather armour of the Byakko {rElec rPois
                  | Regen+ Stlth+}
 56434 | Zot:4    | XOM: summons 9 hostile demons
 56458 | Zot:4    | XOM: swap monsters
 56504 | Zot:4    | Reached skill level 18 in Dodging
 56506 | Zot:4    | XOM: enchant monster (bad)
 56517 | Zot:4    | XOM: 1-stop teleportation journey
 56524 | Zot:4    | XOM: stat loss: -1 Dex (15/16)
 56550 | Zot:4    | XOM: 3-stop teleportation journey
 56755 | Abyss:5  | Found a corrupted altar of Lugonu.
 56755 | Abyss:5  | Cast into level 5 of the Abyss (purple draconian)
 56758 | Abyss:5  | Found a corrupted altar of Lugonu.
 56843 | Abyss:5  | XOM: give mutations
 56843 | Abyss:5  | Gained mutation: Your magical capacity is very low. (-20%
                  | MP) [Xom's mischief]
 56843 | Abyss:5  | Lost mutation: Your body sometimes deteriorates upon taking
                  | damage. [Xom's mischief]
 56843 | Abyss:5  | Lost mutation: You are partially covered in large bone
                  | plates. (SH +4) [Xom's mischief]
 56909 | Abyss:5  | XOM: cleaving
 56935 | Abyss:5  | Found a candlelit altar of Ignis.
 56952 | Abyss:5  | Got an abyssal rune of Zot
 56964 | Abyss:5  | Found a candlelit altar of Ignis.
 56980 | Zot:4    | Escaped the Abyss
 57093 | Zot:4    | Identified the +10 orcbow of Lucsas {flame, ^Fragile Will+
                  | Str+3}
 57287 | Zot:4    | XOM: give mutations
 57287 | Zot:4    | Gained mutation: You are completely covered in iridescent
                  | scales. (AC +6) [Xom's grace]
 57287 | Zot:4    | Gained mutation: Your spells are a little harder to cast,
                  | but a little more powerful. [Xom's grace]
 57287 | Zot:4    | Gained mutation: You are partially covered in large bone
                  | plates. (SH +4) [Xom's grace]
 57287 | Zot:4    | Gained mutation: You have hooves in place of feet. [Xom's
                  | grace]
 57384 | Zot:5    | Entered Level 5 of the Realm of Zot
 57424 | Zot:5    | XOM: polymorph green draconian -> shapeshifter
 57475 | Zot:5    | Noticed farilari's ghost (legendary TeHu)
 57491 | Zot:5    | Found a runed translucent door.
 57506 | Zot:5    | Found a transporter.
 57506 | Zot:5    | Found a transporter.
 57508 | Zot:5    | Found a transporter.
 57524 | Zot:5    | Found a transporter.
 57646 | Zot:5    | Reached skill level 19 in Dodging
 58213 | Zot:5    | Noticed an orb of fire
 58213 | Zot:5    | Noticed an orb of fire
 58213 | Zot:5    | Noticed an orb of fire
 58213 | Zot:5    | Noticed an orb of fire
 58215 | Zot:5    | Gained mutation: You are occasionally teleported next to
                  | monsters. [an orb of fire]
 58217 | Zot:5    | XOM: summons 2 friendly demons
 58218 | Zot:5    | Got the Orb of Zot
 58225 | Zot:5    | Noticed an orb of fire
 58281 | Zot:5    | XOM: enchant monster (bad)
 58382 | Zot:4    | XOM: swap monsters
 58502 | Zot:2    | XOM: give mutation
 58502 | Zot:2    | Lost mutation: You are somewhat resistant to further
                  | mutation. [Xom's mischief]
 58690 | Depths:2 | Noticed Onnas the pandemonium lord
 58903 | D:9      | XOM: chaos cloud
 58916 | D:9      | Reached skill level 20 in Dodging
 58917 | D:9      | XOM: summons 10 hostile demons
 59154 | D:2      | Noticed Vam Zyis the pandemonium lord
 59195 | D:$      | Escaped with the Orb!

Illustrated notes

Levels and vault maps discovered:
D:1:      mrwooster_arrival_statue, layout_basic,
          hellmonk_ecumenical_altar_run_dry, chequers_serial_rivers_small_b
D:2:      layout_basic, amcnicky_mini_corridor_feature
D:3:      layout_loops_cross, lemuel_coloured_pillars_altar,
          nicolae_ru_sacrificial_ziggurat, mainiacjoe_overflow_brackets,
          gup_sewer_entry_bowl
D:4:      layout_loops_cross, gammafunk_ghost_mausoleum, reono_crystal_passage
D:5:      layout_gridville, nicolae_concentric_dashed_squares_wild
D:6:      layout_gridville, temple_statues, serial_undead, serial_undead_d,
          serial_undead_a, serial_undead_c, serial_undead_d, lightli_minifort
D:7:      layout_loops_corners, lemuel_doored_altar
D:8:      layout_loops_ring, mainiacjoe_overflow_paths, david_lair_shrubbed,
          mainiacjoe_ossuary_entry_find_the_door, uniq_grum
D:9:      layout_layer_cave, uniq_jeremiah
D:10:     layout_basic, grunt_temple_overflow_open, enter_trove_3
D:11:     layout_basic, zombieorc2_lemuel, serial_shops, shop_fountains,
          minivault_4, worms_lemuel
D:12:     layout_basic, hellmonk_ghost_happy_afterlife
D:13:     minmay_complete_graph, layout_basic
D:14:     layout_basic, grunt_vaults_entry_fortified,
          amcnicky_mini_rare_corridor_liquid, serial_shops,
          nicolae_shop_drivethru, minmay_misc_feat_enclosed, chequers_jeans,
          minivault_16, uniq_agnes
D:15:     grunt_enter_depths_hoard, layout_loops_ring, nicolae_eternal_life,
          uniq_nessos
Lair:1:   layout_loops_ring, gauntlet_entry_generic
Lair:2:   minmay_lair_venomous_thicket, layout_cave_pods, serial_bayou_shore_a,
          grunt_megastairs_5
Lair:3:   layout_hall_layers, minmay_shoals_entry_hut, dummy_snake_entry
Lair:4:   statuecave_lemuel, layout_concentric_octagons,
          nicolae_slime_entry_field_trip, chequers_serial_rivers_micro_e
Lair:5:   evilmike_catoblepas_cave, layout_small_grid
Shoals:1: nicolae_shoals_mermall, layout_shoals, serial_shops, shop,
          nicolae_shoals_wave_tunnel
Shoals:2: layout_shoals
Shoals:3: layout_shoals, serial_shops, shop, nicolae_shop_clearance
Shoals:4: shoals_end_hangedman, layout_shoals,
          nicolae_shoals_lost_giant_amphitheater, uniq_polyphemus,
          uniq_bai_suzhen, uniq_mara
Snake:1:  layout_basic, uniq_aizul
Snake:2:  layout_concentric_octagons, gammafunk_ghost_abyssal_escape,
          nicolae_wooded_promenade
Snake:3:  layout_grid_maze, grunt_megastairs_2
Snake:4:  hellmonk_snake_rune_quicksilver_temple, layout_cave_town,
          gammafunk_ghost_wrathful_warriors, nicolae_shop_vocational,
          serial_bayou_shore_b, uniq_louise
Orc:1:    layout_diamond_mine, minmay_orc_temple_a
Orc:2:    st_orc_rangers, layout_caves
Elf:1:    minmay_elf_arrival_summoners, layout_geoelf_grid, serial_shops,
          bzr_entry_gold, ebering_ghost_xom, hangedman_elf_disciples,
          grunt_megastairs_1
Elf:2:    nicolae_elf_blades_splatter_lattice
          [nicolae_blade_entry_diamond_columns], layout_loops_cross,
          serial_shops, shop, mu_enter_wizlab_2, dreamdust_wishing_well,
          feat_on_display
Elf:3:    minmay_elf_hall_spiked, layout_geoelf_castle, serial_shops,
          bzr_entry_islet, basic_altar
Vaults:1: nicolae_vaults_stairing_the_circle, vaults_room_semicircle,
          nicolae_vaults_steering_wheel, nicolae_vaults_six-pack,
          v_alt_pattern_5, vaults_mumra_minichess_inversion, v_rooms_3,
          nicolae_vaults_little_guard_posts, ontoclasm_vaults_fault,
          layout_vaults_chaotic_city, serial_shops, shop
Vaults:2: vaults_mumra_chevron, nicolae_vaults_house_3,
          nicolae_vaults_door_testing_chamber, layout_vaults_omnigrid
Vaults:3: nicolae_vaults_closet_pinwheel_6, v_misc_10,
          minmay_crypt_entry_simple_corners, nicolae_vaults_quartermaster,
          nicolae_vaults_twisting_passages, ontoclasm_vaults_shuriken,
          nicolae_vaults_little_squares_1, vaults_room_pool,
          nicolae_vaults_heart-shaped_vault, hangedman_vaults_stagger,
          nicolae_vaults_wine_cellar, vaults_dpeg_diagonal, layout_vaults_ring
Vaults:4: ontoclasm_vaults_pinch, nicolae_vaults_network_s,
          nicolae_vaults_doubleplus_tesselated, nicolae_vaults_tangram_1,
          v_misc_27, nicolae_vaults_trapezoid_4, vaults_standard_mumra_x,
          ontoclasm_vaults_misaligned, hangedman_vaults_locks,
          nicolae_vaults_border_crossing, nicolae_vaults_variable_pillar_hall,
          vaults_dpeg_ring, nicolae_vaults_security_offices_4,
          ontoclasm_vaults_ring_large, nicolae_vaults_oval_intersection,
          layout_vaults_omnibox
Vaults:5: serial_shops
Crypt:1:  layout_chaotic_city
Crypt:2:  layout_chaotic_city, uniq_mennas, uniq_frederick, uniq_margery,
          uniq_grunn
Crypt:3:  cryptofortress_bobbens, uniq_jory
Depths:1: layout_gridlike, serial_shops, nicolae_shop_bloodbath_and_beyond,
          shop, nicolae_shop_getting_attention, kennysheep_big_empty_room,
          special_room [special_room_mythical_zoo], rand_demon_pan_entry_7,
          biasface_ghost_demon_polymorph, pf_hell_entry_tar_river,
          glass_columns_a, hangedman_stitches_earthworm, uniq_saint_roka,
          uniq_asterion
Depths:2: minmay_the_grid_octo_2x2 [minmay_the_grid_octo_odd_swirl,
          minmay_the_grid_octo_clover, minmay_the_grid_octo_focus,
          minmay_the_grid_octo_prize_single_spiral], layout_gridlike,
          enter_ziggurat_b, pan_entry, hell_entry
Depths:3: evilmike_silver_temple, layout_twisted_cross, abyss_entry,
          kennysheep_nondescript, hell_entry, drop_trap
Depths:4: evilmike_zot_entry_round, layout_basic,
          nicolae_qazlal_scattered_showers, hellmouth_3, minmay_shop_grove
Zot:1:    layout_gridlike, regret_index_zotdec_barnacled_simple,
          grunt_ministairs_9
Zot:2:    infiniplex_zot_generator, layout_basic, regret_index_zot_stipple_split
Zot:3:    regret_index_qazlal_generations, layout_cathedral_of_symmetry,
          regret_index_zotdec_zees
Zot:4:    layout_twisted_circle
Zot:5:    layout_misc_corridors, hellmonk_ghost_big_iron,
          nicolae_diode_quadrants

Skill      XL: |  1  2  3  4  5  6  7  8  9 10 11 12 13 14 15 16 17 18 19 20 21 22 23 24 25 26 27 |
---------------+----------------------------------------------------------------------------------+-----
Maces & Flails | 4 5 6 7 9 10 11 12 13 15 16 17 20 | 20.9
Fighting       | 4 5 6 7 8 9 10 11 12 13 15 16 17 18 19 20 | 20.9
Spellcasting   | 1 2 3 5 |  5.3
Shields        | 3 5 6 7 8 10 12 13 15 16 17 18 19 20 | 20.9
Dodging        | 1 2 4 5 6 7 8 10 11 12 20 | 20.2
Evocations     | 3 4 5 7 8 9 10 12 | 12.0
Armour         | 4 6 7 8 9 11 12 15 17 18 20 | 20.9
Throwing       | 2 5 8 10 11 12 13 16 | 16.0
Translocations | 2 6 7 9 10 | 10.0

Action                     |  1- 3 |  4- 6 |  7- 9 | 10-12 | 13-15 | 16-18 | 19-21 | 22-24 | 25-27 || total
---------------------------+-------+-------+-------+-------+-------+-------+-------+-------+-------++-------
  Melee: Mace              |    95 |    36 |       |       |       |       |       |       |       ||   131
         Punch             |     1 |     3 |     1 |       |       |       |       |       |       ||     5
         Whip              |       |   134 |   500 |   323 |       |       |       |       |       ||   957
         Morningstar       |       |       |       |   415 |  1403 |  1340 |  1427 |  1138 |  3040 ||  8763
         Bite              |       |       |       |       |       |   130 |   256 |   238 |   206 ||   830
         Headbutt          |       |       |       |       |       |    29 |   287 |       |       ||   316
         Sacred scourge    |       |       |       |       |       |       |       |       |   628 ||   628
         Kick              |       |       |       |       |       |       |       |       |  1280 ||  1280
  Throw: Dart              |       |       |       |     6 |       |       |       |       |       ||     6
         Boomerang         |       |       |       |       |       |       |       |       |    49 ||    49
         Javelin           |       |       |       |       |       |       |       |       |     4 ||     4
   Cast: Blink             |       |       |       |       |       |       |       |       |     4 ||     4
         Apportation       |       |       |       |       |       |       |       |       |     1 ||     1
  Evoke: Wand              |       |       |     2 |    10 |     4 |    12 |     4 |       |     6 ||    38
         Lightning rod     |       |       |       |       |     3 |     4 |     2 |       |     7 ||    16
         Condenser vane    |       |       |       |       |       |     1 |     1 |       |     2 ||     4
         Phantom mirror    |       |       |       |       |       |       |     1 |       |     3 ||     4
         Sack of spiders   |       |       |       |       |       |       |     1 |       |     1 ||     2
    Use: Scroll            |       |     9 |     2 |     6 |    12 |     7 |     5 |     1 |    32 ||    74
         Potion            |       |     3 |       |     5 |       |    26 |     3 |     1 |     5 ||    43
   Stab: Paralysed         |       |       |     4 |    17 |    10 |     6 |     3 |     4 |    14 ||    58
         Sleeping          |       |       |       |     2 |       |       |       |     1 |       ||     3
         Confused          |       |       |       |     1 |    28 |    19 |    13 |    22 |    51 ||   134
         Invisible         |       |       |       |     1 |       |     5 |    29 |       |     6 ||    41
         Petrifying        |       |       |       |       |     2 |     6 |     7 |     3 |     9 ||    27
         Distracted        |       |       |       |       |       |     3 |     5 |     1 |    10 ||    19
         Petrified         |       |       |       |       |       |    15 |     9 |       |     2 ||    26
         Held in net/web   |       |       |       |       |       |       |       |     2 |       ||     2
 Armour: Leather armour    |    16 |       |       |       |       |       |       |       |       ||    16
         Chain mail        |    60 |   140 |    37 |       |       |       |       |       |       ||   237
         Ring mail         |       |       |   245 |   342 |   445 |       |       |       |       ||  1032
         Plate armour      |       |       |       |       |   132 |   674 |   621 |   480 |   913 ||  2820
         Skin              |       |       |       |       |       |    74 |     1 |       |       ||    75
         Quicksilver drago |       |       |       |       |       |       |       |       |   643 ||   643
  Dodge: Dodged            |    34 |    65 |   140 |   211 |   448 |   396 |   326 |   332 |   881 ||  2833
  Block: Kite shield       |       |       |   186 |   413 |  1247 |   762 |       |       |       ||  2608
         Reflection        |       |       |       |       |    88 |   211 |   125 |    41 |    60 ||   525
         Tower shield      |       |       |       |       |       |   892 |  1587 |  1640 |  4637 ||  8756

Table legend: (Time is in decaauts)
 A = Elapsed time spent in this place.
 B = Non-inter-level travel time spent in this place.
 C = Inter-level travel time spent in this place.
 D = Time resting spent in this place.
 E = Time spent auto-exploring this place.
 F = Levels seen in this place.
 G = Mean time per level.
                   A        B        C        D        E       F      G
               +--------+--------+--------+--------+--------+-----+--------+
         Total |  56993 |  50431 |   6562 |   1808 |  32784 |  59 |  966.0 |
       Dungeon |  17315 |  14597 |   2718 |    380 |  10967 |  15 | 1154.3 |
          Lair |   5571 |   4624 |    947 |     19 |   3409 |   5 | 1114.2 |
        Shoals |   2766 |   2586 |    180 |     14 |   1667 |   4 |  691.5 |
     Snake Pit |   4677 |   3819 |    858 |     75 |   2396 |   4 | 1169.2 |
  Orcish Mines |   1382 |   1196 |    186 |     51 |    692 |   2 |  691.0 |
   Elven Halls |   3862 |   3619 |    243 |    362 |   2027 |   3 | 1287.3 |
        Vaults |   6679 |   6101 |    578 |     17 |   4018 |   5 | 1335.8 |
         Crypt |   2448 |   2360 |     88 |     53 |   1594 |   3 |  816.0 |
        Depths |   5207 |   4627 |    580 |     62 |   2591 |   4 | 1301.8 |
           Zot |   5334 |   5154 |    180 |    665 |   2857 |   5 | 1066.8 |
         Abyss |    409 |    409 |      0 |     19 |      0 |   3 |  136.3 |
        Bazaar |    126 |    126 |      0 |      0 |     67 |   2 |   63.0 |
         Trove |     70 |     70 |      0 |      0 |      0 |   1 |   70.0 |
         Sewer |    305 |    305 |      0 |      0 |    184 |   1 |  305.0 |
       Ossuary |    301 |    301 |      0 |      0 |    107 |   1 |  301.0 |
      Gauntlet |    534 |    534 |      0 |     87 |    205 |   1 |  534.0 |
               +--------+--------+--------+--------+--------+-----+--------+

Top non-repeatable levels by time:
   Zot:3: 1681 daAuts
Vaults:5: 1629 daAuts
   Elf:3: 1617 daAuts
   Zot:2: 1587 daAuts
     D:6: 1581 daAuts
     D:8: 1558 daAuts
Vaults:1: 1498 daAuts
Depths:1: 1496 daAuts
 Snake:4: 1412 daAuts
     D:1: 1370 daAuts
  Lair:1: 1367 daAuts
Depths:3: 1361 daAuts
Depths:2: 1341 daAuts
    D:13: 1328 daAuts
     D:9: 1324 daAuts

Table legend:
 A = Kills in this place as a percentage of kills in the entire game.
 B = Kills by you in this place as a percentage of kills by you in the entire game.
 C = Kills by friends in this place as a percentage of kills by friends in the entire game.
 D = Other kills in this place as a percentage of other kills in the entire game.
 E = Experience gained in this place as a percentage of experience gained in the entire game.
 F = Experience gained in this place divided by the number of levels of this place that you have seen.
                   A       B       C       D       E      F
               +-------+-------+-------+-------+-------+----------------------
         Total | 100.0 | 100.0 | 100.0 | 100.0 | 100.0 | 23866.2
       Dungeon |  18.4 |  18.8 |  12.2 |   9.3 |   7.4 | 6959.4
          Lair |   7.7 |   7.9 |   8.2 |   2.7 |   3.8 | 10640.2
        Shoals |   5.6 |   5.8 |   2.0 |   1.3 |   5.5 | 19534.5
     Snake Pit |   8.2 |   8.2 |   2.0 |  14.7 |   8.1 | 28595.2
  Orcish Mines |   5.2 |   5.4 |   0.0 |   2.7 |   1.0 | 6690.0
   Elven Halls |   7.2 |   6.9 |  20.4 |   5.3 |   8.8 | 41150.7
        Vaults |  17.1 |  16.8 |  32.7 |  17.3 |  22.1 | 62163.6
         Crypt |   6.2 |   6.4 |   6.1 |   0.0 |   7.9 | 37268.3
        Depths |  12.2 |  11.3 |  10.2 |  40.0 |  17.7 | 62195.5
           Zot |   7.3 |   7.3 |   6.1 |   6.7 |  15.2 | 42869.0
         Abyss |   2.3 |   2.5 |   0.0 |   0.0 |   2.3 | 10630.7
         Sewer |   0.7 |   0.8 |   0.0 |   0.0 |   0.0 | 115.0
       Ossuary |   1.6 |   1.7 |   0.0 |   0.0 |   0.0 | 444.0
      Gauntlet |   0.2 |   0.3 |   0.0 |   0.0 |   0.2 | 2963.0
               +-------+-------+-------+-------+-------+----------------------
